 Dungeon Crawl Stone Soup version 0.20-a0-739-g6bb112f (webtiles) character file.

3064472 Iwannabefree the Sifu (level 27, 208/224 HPs)
             Began as a Vampire Hunter on Feb 23, 2017.
             Was the Champion of Wu Jian.
             Escaped with the Orb
             ... and 5 runes on Feb 24, 2017!
             The game lasted 03:38:55 (75267 turns).

Iwannabefree the Sifu (Vampire Hunter)             Turns: 75267, Time: 03:38:56

Health: 208/224    AC: 49    Str: 18    XL:     27
Magic:  37/37      EV: 19    Int: 23    God:    Wu Jian [******]
Gold:   7319       SH: 15    Dex: 14    Spells: 8/45 levels left

rFire    + . .     SeeInvis +   R - +9 demon whip (vamp)
rCold    + + +     Gourm    .   K - +9 storm dragon scales
rNeg     + + +     Faith    .   F - +1 shield {AC+3}
rPois    +         Spirit   .   l - +2 helmet of Hithua {rC+ Int+4}
rElec    +         Reflect  .   Y - +2 cloak
rCorr    .         Harm     .   X - +5 pair of gloves "Juor" {rPois rC+}
MR       +++++     Clarity  +   I - +1 pair of boots {Stlth+}
Stlth    +.........             v - amulet of the Four Winds {rN+ MR+++ Clar}
Regen    0.3/turn               a - ring "Ross" {rF+ Str+3 Slay+3}
MPRegen  0.3/turn               s - +5 ring of slaying

@: regenerating slowly, serpent's lash
A: fangs 3, repulsion field 1, molten scales 1, see invisible, clumsy 1,
deterioration 1, sense surroundings 1, weak 1, unbreathing
0: Orb of Zot
}: 5/15 runes: decaying, slimy, silver, abyssal, gossamer
a: Bat Form, Serpent's Lash, Heaven On Earth, Renounce Religion


You escaped.
You worshipped Wu Jian.
Wu Jian was exalted by your worship.
You were thirsty.

You visited 12 branches of the dungeon, and saw 58 of its levels.
You visited the Abyss 3 times.
You also visited: Sewer, Ossuary, Ice Cave and Desolation.

You collected 10074 gold pieces.
You spent 2755 gold pieces at shops.

Inventory:

Hand Weapons
 R - a +9 vampiric demon whip (weapon)
Missiles
 c - 6 javelins
 P - 9 throwing nets
Armour
 l - the +2 helmet of Hithua (worn) {rC+ Int+4}
   (You found it on level 4 of the Realm of Zot)

   It affects your intelligence (+4).
   It protects you from cold.
 F - a +1 shield of protection (worn)
 I - a +1 pair of boots of stealth (worn)
 K - +9 storm dragon scales (worn)
 X - the +5 pair of gloves "Juor" (worn) {rPois rC+}
   (You bought it in a shop on level 4 of the Depths)

   It protects you from cold.
   It protects you from poison.
 Y - a +2 cloak (worn)
Jewellery
 a - the ring "Ross" (right hand) {rF+ Str+3 Slay+3}
   (You found it in an ice cave)

   [ring of protection from fire]

   It affects your strength (+3).
   It affects your accuracy and damage with ranged weapons and melee attacks
   (+3).
   It protects you from fire.
 s - a +5 ring of slaying (left hand)
 v - the amulet of the Four Winds (around neck) {rN+ MR+++ Clar}
   (You took it off a deep elf mage on level 5 of the Vaults)

   [amulet of nothing]

   It protects you from negative energy.
   It affects your resistance to hostile enchantments.
   It protects you against confusion.
 H - the ring of Hufop {MR+ Dex+4}
   (You found it on level 5 of the Dungeon)

   [ring of protection from magic]

   It affects your dexterity (+4).
   It affects your resistance to hostile enchantments.
 S - the ring of Pafimnaz {Wiz rC++}
   (You found it on level 4 of the Vaults)

   [ring of wizardry]

   It improves your spell success rate.
   It greatly protects you from cold.
Wands
 d - a wand of digging (7/24) {@v4}
 C - a wand of digging (11/24) {@v4}
Scrolls
 k - 24 scrolls of teleportation {@r3}
 m - 4 scrolls of brand weapon
 o - 6 scrolls of enchant weapon
 r - 10 scrolls of identify {@r1}
 u - 4 scrolls of summoning
 w - 6 scrolls of blinking {@r4}
 y - 7 scrolls of immolation
 A - 8 scrolls of recharging
 D - 2 scrolls of fog {@r4}
 E - 5 scrolls of vulnerability
 G - 30 scrolls of remove curse {@r2}
 L - 13 scrolls of amnesia
 N - 6 scrolls of fear {@r5}
 O - a scroll of enchant armour
 T - 8 scrolls of silence
 U - 6 scrolls of magic mapping
 W - a scroll of acquirement (quivered)
Potions
 b - 4 potions of ambrosia
 f - 13 potions of flight
 g - a potion of invisibility
 h - 5 potions of heal wounds {@q2}
 i - 5 potions of brilliance
 j - 3 potions of resistance
 n - 10 potions of magic
 p - a potion of agility {@q5}
 q - 22 potions of curing {@q1}
 t - 6 potions of haste {@q3}
 x - 5 potions of mutation
 z - 4 potions of might {@q4}
 J - 2 potions of berserk rage
 M - 4 potions of cancellation
Books
 Q - a book of Spatial Translocations

   Spells                             Type                      Level
   a - Blink                          Translocation                2
   b - Shroud of Golubria             Charms/Translocation         2
   c - Lesser Beckoning               Translocation                3
   d - Gell's Gravitas                Translocation                3
   e - Teleport Other                 Translocation                3
   f - Passage of Golubria            Translocation                4
Miscellaneous
 V - 3 phantom mirrors


   Skills:
 - Level 20.0 Fighting
   Level 3.7 Short Blades
 - Level 11.6(14.4) Maces & Flails
   Level 14.3(15.7) Staves
 - Level 3.2 Throwing
 + Level 17.7 Armour
 - Level 18.0 Dodging
 - Level 5.0 Stealth
 - Level 15.0 Shields
 - Level 9.9 Spellcasting
 - Level 16.5 Hexes
 - Level 9.0 Charms
 - Level 8.0 Necromancy
 - Level 2.0 Translocations
 - Level 7.0 Air Magic
   Level 20.5 Invocations


You had 8 spell levels left.
You knew the following spells:

 Your Spells              Type           Power        Failure   Level  Hunger
a - Confuse               Hex            ######..     1%          3    None
b - Darkness              Hex            ######....   6%          6    ######.
c - Lesser Beckoning      Tloc           ###.......   38%         3    None
d - Spectral Weapon       Hex/Chrm       ######..     1%          3    None
e - Blink                 Tloc           N/A          21%         2    None
f - Ozocubu's Armour      Chrm/Ice       ####....     17%         3    None
i - Invisibility          Hex            ######..     6%          6    ######.
o - Apportation           Tloc           ###...       14%         1    None
p - Passwall              Tmut/Erth      ##........   58%         2    None
r - Regeneration          Chrm/Necr      ######....   2%          3    None
s - Silence               Hex/Air        ######....   10%         5    ####...


Dungeon Overview and Level Annotations

Branches:
Dungeon (15/15)            Temple (1/1) D:7            Lair (6/6) D:10
  Swamp (4/4) Lair:4       Spider (4/4) Lair:4        Slime (5/5) Lair:6
    Orc (2/2) D:11            Elf (3/3) Orc:2        Vaults (5/5) D:14
  Crypt (3/3) Vaults:2       Tomb (0/3) Crypt:3      Depths (5/5) D:15
    Zot (5/5) Depths:5

Altars:
Ashenzari
Cheibriados
Dithmenos
Elyvilon
Fedhas
Gozag
Hepliaklqana
Kikubaaqudgha
Nemelex Xobeh
Okawaru
Qazlal
Ru
Sif Muna
Uskayaw
Wu Jian
Yredelemnul
Zin
The Shining One
Beogh
Jiyva

Shops:
D:11 (   Orc:1 (   Orc:2 [*}*   Elf:1 %   Vaults:1 [   Depths:4 [

Portals:
Hell: Depths:1 Depths:2 Depths:3 Depths:4 Depths:5
Abyss: Depths:2 Depths:4
Pandemonium: Depths:3
Ziggurat: Depths:5

Annotations:
D:5 2 runed doors
Lair:3 exclusion: 4 oklob plants
Elf:2 2 runed doors
Zot:4 1 exclusion
Zot:5 2 exclusions


Innate Abilities, Weirdness & Mutations

You heal slowly.
You have razor-sharp teeth.
You have supernaturally acute eyesight. (SInv)
You can survive without breathing.
You are surrounded by a mild repulsion field. (EV +2)
You are partially covered in molten scales. (AC +2)
You are clumsy. (Dex -2)
Your body sometimes deteriorates upon taking damage.
You passively map a small area around you.
You are weak. (Str -2)


Message History

A smoke demon comes into view.
MP restored: 37 You see here a giant club.
There is a stone staircase leading up here.
You fly upwards.
There is a stone staircase leading down here.
Unknown command.
(D) Dungeon (T) Temple (L) Lair (S) Swamp (N) Spider Nest (M) Slime Pits (O) Orcish Mines (E) Elven Halls (V) Vaults (C) Crypt (W) Tomb (U) Depths (H) Hell (Z) Zot
Where to? (Enter - D:1, ? - help)
There is a stone staircase leading up here.
You fly upwards.
There is a stone staircase leading down here.
There is a stone staircase leading up here.
You fly upwards.
Level annotation: 2 runed doors
There is a stone staircase leading down here.
There is an open door here.
There is an open door here.
There is a stone staircase leading up here.
You fly upwards.
There is a stone staircase leading down here.
There is a stone staircase leading up here.
There is a stone staircase leading up here.
You fly upwards.
There is a stone staircase leading down here.
You see here a rapier.
You see here 2 fruits {@e2}.
There is a stone staircase leading up here.
You fly upwards.
There is a stone staircase leading down here.
A white imp comes into view.
The white imp shouts!
You see here a dagger.
The white imp gestures at you. The puff of frost misses you.
The white imp gestures at you. The puff of frost hits you! You resist.
You take 4 damage, and have 220/224 hp.
There is a stone staircase leading up here.
You fly upwards.
There is a stone staircase leading down here.
Unknown command.
Unknown command.
(D) Dungeon (T) Temple (L) Lair (S) Swamp (N) Spider Nest (M) Slime Pits (O) Orcish Mines (E) Elven Halls (V) Vaults (C) Crypt (W) Tomb (U) Depths (H) Hell (Z) Zot
Where to? (Enter - D:1, ? - help) You're already here!
HP restored.
A rust devil comes into view.
Health restored: 224 An Ice Fiend comes into view.
The Ice Fiend roars!
The rust devil is distracted by your jump.
You spin to attack the rust devil, but your attack speed is too slow for a blow to land.
The Ice Fiend gestures at you. The bolt of cold hits you! You resist.
You take 19 damage, and have 205/224 hp.
You see here a short sword.
An Orb Guardian comes into view.
You reach down and open the door.
There is an open door here.
There is a staircase leading out of the dungeon here.
Your transformation has ended.
Your +9 vampiric demon whip unmelds from your body.
Your +2 cloak unmelds from your body.
The +2 helmet of Hithua {rC+ Int+4} unmelds from your body.
The +5 pair of gloves "Juor" {rPois rC+} unmelds from your body.
Your +1 pair of boots of stealth unmelds from your body.
Your +1 shield of protection unmelds from your body.
Your +9 storm dragon scales unmelds from your body.
Your +5 ring of slaying unmelds from your body.
The ring "Ross" {rF+ Str+3 Slay+3} unmelds from your body.
You feel a bloodthirsty glee!
You feel stealthy.
You feel protected.
Your muscles tense, ready for explosive movement...
You have escaped!

#.###.###############.##....####
#.# #..#.......####............#
#.# ##...≈≈≈≈...##...≈≈≈≈...##.#
#.# #..≈≈≈≈≈≈......≈≈≈§≈≈.###.#
#.# #..≈≈≈≈≈≈......§≈§≈§≈..##.#
#.# ##.≈≈≈≈≈≈......≈≈§≈≈≈.....#
#.# #..≈≈≈≈.X####..≈≈≈≈...#####
..# ##......#'##+#......#.#....
#.# #####(.##@>##...###..#.###
### #..#'##+#....##..#.###
#...####...#.##†##....
#.#........#.##.......
#.###.####.#.#########
#..........#.#
##########.#.#########
#.#.......... #.###########


You could see an Orb Guardian.

Vanquished Creatures
  the Royal Jelly (Slime:5)
  2 ancient liches (Zot:5)
  5 orbs of fire (Zot:5)
  2 juggernauts
  Mara (Vaults:2)
  Frederick (Vaults:2)
  Sojobo (Depths:2)
  5 Killer Klowns
  15 golden dragons
  Saint Roka (Vaults:3)
  A curse toe (Zot:5)
  Jory (Vaults:5)
  4 bone dragons
  Nikola (Vaults:1)
  the Enchantress (Depths:2)
  3 profane servitors
  3 electric golems
  A hellephant (Abyss:1)
  19 tentacled monstrosities
  5 liches
  23 Orb Guardians
  2 deep elf master archers (Elf:3)
  2 titans
  12 acid blobs
  5 quicksilver dragons
  4 deep elf blademasters
  An acid blob (shapeshifter) (Vaults:5)
  8 tentacled starspawn
  2 sphinxes
  9 death cobs
  7 shadow dragons
  Kirke (Swamp:4)
  9 tengu reavers
  9 storm dragons
  5 azure jellies
  5 draconian monks
  A revenant (Crypt:3)
  10 deep elf sorcerers
  11 fire giants
  11 frost giants
  5 draconian knights
  4 ghost moths
  5 emperor scorpions
  3 iron dragons
  4 draconian shifters
  Louise (Elf:3)
  An imperial myrmidon (Desolation)
  8 vault wardens
  6 deep elf elementalists
  3 balrugs (Abyss:1)
  4 draconian stormcallers
  2 orc warlords
  5 draconian scorchers
  5 spriggan defenders
  3 war gargoyles (Vaults:5)
  14 ghouls
  6 ironheart preservers
  An entropy weaver (Vaults:4)
  7 draconian annihilators
  18 stone giants
  22 very ugly things
  A lorocyproca (Abyss:1)
  Nessos (Abyss:1)
  15 green draconians
  7 black draconians
  12 red draconians
  10 vampire knights
  11 purple draconians
  7 deep elf annihilators
  7 deep elf demonologists
  2 halazid warlocks (Desolation)
  9 yellow draconians
  14 white draconians
  4 spark wasps
  A dire elephant (Abyss:3)
  7 death oozes (Slime:5)
  14 ettins
  2 eidola (Crypt:3)
  3 crystal guardians
  2 quicksilver dragon zombies (Crypt:3)
  2 ragged hierophants (Desolation)
  7 deep elf death magi
  2 green deaths
  15 fire dragons
  16 yaktaur captains
  11 great orbs of eyes
  4 deep elf high priests
  The ghost of Gruud the Cleaver, a journeyman DsGl of Uskayaw (D:13)
  11 ice dragons
  16 hydras
  23 vault guards
  7 rakshasas
  3 servants of whispers (Desolation)
  Harold (Lair:1)
  5 spriggan air magi
  2 peacekeepers (Desolation)
  An anaconda (Lair:6)
  A naga warrior (Abyss:1)
  A death knight (Crypt:1)
  12 ogre magi
  10 centaur warriors
  31 two-headed ogres
  A two-headed ogre (shapeshifter) (Depths:5)
  20 dancing weapons
  11 deep troll shamans
  2 alligators
  7 tengu warriors
  2 satyrs (Abyss:3)
  A death yak (Vaults:2)
  A vampire mage (Vaults:2)
  3 hell hogs (Abyss:3)
  3 thrashing horrors
  2 hell knights
  3 spriggan berserkers
  A soul eater (Crypt:3)
  12 deep troll earth magi
  2 titan zombies (Crypt:3)
  6 spriggans
  2 storm dragon zombies
  16 deep elf knights
  14 skeletal warriors
  9 wretched stars
  3 iron trolls
  An unseen horror (D:14)
  2 death drakes
  A golden dragon zombie (Crypt:3)
  An anaconda zombie (Crypt:3)
  A sixfirhy (Abyss:1)
  6 flayed ghosts
  A spatial maelstrom (Abyss:3)
  A spriggan druid (Swamp:2)
  A swamp dragon (shapeshifter) (Vaults:3)
  40 deep trolls
  5 glowing orange brains
  A deep troll (shapeshifter) (Vaults:5)
  4 wizards
  The ghost of nht the Carver, a novice MfBe of Trog (D:8)
  8 deep elf archers
  A shadow demon (Depths:3)
  3 swamp dragons
  22 phantasmal warriors
  4 orb spiders
  2 wolf spider zombies (D:14)
  A harpy (Vaults:4)
  A stone giant zombie (Abyss:1)
  14 ironbrand convokers
  4 necromancers
  An iron giant skeleton (Crypt:1)
  4 salamanders
  44 deep elf magi
  10 wolf spiders
  18 ugly things
  5 cyclopes
  5 shining eyes
  10 orc knights
  6 orc sorcerers
  A cyclops (shapeshifter) (Vaults:5)
  2 salamanders (shapeshifter)
  3 manticores
  4 worldbinders
  A moth of wrath (shapeshifter) (Depths:3)
  A guardian serpent (shapeshifter) (Vaults:2)
  A water nymph (shapeshifter) (Elf:1)
  15 elephants
  22 moths of wrath
  4 guardian serpents
  2 eyes of devastation
  8 smoke demons
  3 apocalypse crabs
  2 water nymphs (Abyss:3)
  A molten gargoyle (Desolation)
  A stone giant skeleton (Abyss:3)
  3 black mambas
  6 ice statues (IceCv)
  13 vault sentinels
  11 spiny frogs
  A dire elephant skeleton (Crypt:3)
  A gargoyle (D:14)
  5 orange demons
  2 yaktaur zombies (Vaults:3)
  A rime drake (Lair:2)
  58 yaktaurs
  2 yaktaurs (shapeshifter) (Vaults:1)
  9 freezing wraiths
  A kobold demonologist (Abyss:4)
  4 komodo dragons
  3 efreet
  A redback zombie (D:13)
  6 demonic crawlers
  2 komodo dragons (shapeshifter)
  A hellwing (Abyss:1)
  An anaconda simulacrum (IceCv)
  7 ancient zymes
  A yaktaur skeleton (Vaults:2)
  2 polar bears (Vaults:1)
  11 human skeletons
  The ghost of Gorglomux the Chopper, an amateur HOAK of Lugonu (Sewer)
  5 jumping spiders
  A queen bee (shapeshifter) (Depths:1)
  4 tengu conjurers
  13 hornets
  27 saltlings
  3 trolls
  A hornet (shapeshifter) (Depths:4)
  A merfolk (D:9)
  2 tyrant leeches
  7 blink frogs
  A hippogriff (shapeshifter) (D:14)
  48 slime creatures
  An ettin zombie (Crypt:3)
  2 bog bodies
  13 raiju
  5 hippogriffs
  A frost giant simulacrum (Vaults:2)
  14 dream sheep
  2 raiju (shapeshifter)
  A centaur simulacrum (D:15)
  An ice dragon zombie (Crypt:3)
  An ettin skeleton (Vaults:3)
  3 flying skulls (Crypt:2)
  39 redbacks
  6 shadows
  6 water elementals
  14 air elementals
  14 wraiths
  A dire elephant simulacrum (IceCv)
  3 ynoxinuls
  A tarantella (shapeshifter) (Depths:3)
  A wyvern (shapeshifter) (D:13)
  4 fire bats
  13 tarantellas
  6 vampires
  A hog (Swamp:4)
  30 yaks
  11 humans (D:14)
  3 wyverns
  2 basilisks
  5 fire elementals
  4 neqoxecs
  4 golden eyes
  3 chaos spawn
  3 hungry ghosts
  6 vampire mosquitoes
  A steam dragon (shapeshifter) (D:8)
  22 large abominations
  A two-headed ogre zombie (Crypt:2)
  4 harpy simulacra (IceCv)
  2 nagas (Abyss:1)
  11 soldier ants
  A swamp worm (shapeshifter) (Vaults:2)
  5 insubstantial wisps
  4 acid dragons
  8 wargs
  A hydra simulacrum (IceCv)
  7 swamp worms
  7 water moccasins
  2 porcupines
  A floating eye (shapeshifter) (Depths:4)
  15 small abominations
  38 orc warriors
  2 swamp drakes
  An ice beast (shapeshifter) (Depths:3)
  19 starcursed masses
  9 ice beasts
  Purgy (Sewer)
  8 necrophages (Crypt:3)
  3 phantoms
  6 sky beasts
  6 eyes of draining
  4 wolves
  An ettin simulacrum (IceCv)
  5 boggarts
  34 ogres
  18 centaurs
  A dream sheep skeleton (Crypt:2)
  4 crocodiles
  A crocodile (shapeshifter) (Vaults:5)
  3 big kobolds
  A swamp dragon skeleton (Crypt:1)
  10 bullfrogs
  4 earth elementals
  2 draconian skeletons (Crypt:1)
  8 wyvern skeletons
  7 scorpions
  A killer bee (D:8)
  2 human simulacra (Vaults:1)
  A vampire bat (Lair:1)
  10 wights
  A howler monkey (D:14)
  A spriggan skeleton (Crypt:1)
  An electric eel (Lair:3)
  A crimson imp (D:8)
  3 bullfrog zombies (D:11)
  A wolf skeleton (Crypt:2)
  The ghost of anet the Magician, a weakling DEWz (D:3)
  2 quasits (Abyss:2)
  6 hounds
  14 jellies
  2 centaur zombies
  Crazy Yiuf (D:2)
  3 human zombies
  25 orc priests
  A bullfrog skeleton (D:5)
  16 orc wizards
  7 centaur skeletons
  2 iron imps
  5 iguanas
  4 hell rats (Lair:6)
  27 worker ants
  A killer bee zombie (D:6)
  3 big kobold zombies (Ossuary)
  2 mummies (Ossuary)
  A worker ant zombie (D:8)
  13 gnolls
  15 adders
  3 shadow imps
  5 white imps
  3 ufetubi
  An ooze (Lair:6)
  3 adder skeletons
  2 adder zombies
  3 worms
  A dart slug (D:1)
  9 leopard geckos
  124 orcs
  4 ball pythons
  8 giant cockroaches
  8 goblins
  6 hobgoblins
  15 jackals
  4 quokkas
  28 bats
  7 frilled lizards
  2 giant cockroach zombies
  A goblin zombie (Ossuary)
  6 hobgoblin zombies (Ossuary)
  A jackal zombie (Ossuary)
  20 kobolds
  9 kobold zombies
  11 orc zombies (Ossuary)
  A quokka skeleton (D:5)
  5 rats
  2 rat zombies (Ossuary)
  A bush (D:2)
  6 crawling corpses
  A plant (Lair:6)
  12 starspawn tentacles
2332 creatures vanquished.

Vanquished Creatures (collateral kills)
  An ancient lich (Vaults:5)
  Boris (Vaults:2)
  2 golden dragons
  A bone dragon (Crypt:3)
  Arachne (Spider:3)
  A lich (Crypt:3)
  2 titans
  The ghost of HEYYEYAAE the Spry, an adept OpFi of Okawaru (Desolation)
  The ghost of Gorglomux the Warrior, an adept GrGl of Wu Jian (Vaults:1)
  5 acid blobs
  2 sphinxes
  3 ancient champions (Crypt:2)
  3 shadow dragons (Vaults:5)
  3 thorn hunters (Swamp:4)
  2 tengu reavers
  An azure jelly (Slime:5)
  A revenant (Crypt:1)
  Donald (Vaults:3)
  A nagaraja (Vaults:1)
  2 deep elf sorcerers
  5 fire giants
  2 ghost moths (Spider:4)
  4 vault wardens
  4 frost giants
  An iron dragon (Vaults:5)
  2 orc warlords (Orc:2)
  2 imperial myrmidons (Desolation)
  3 emperor scorpions (Spider:4)
  5 ghouls (Crypt:3)
  2 ironheart preservers
  A deep elf elementalist (Elf:3)
  A large abomination (Vaults:5)
  6 stone giants
  A reaper (Crypt:2)
  2 war gargoyles (Vaults:5)
  7 very ugly things
  3 entropy weavers
  A deep elf demonologist (Vaults:5)
  3 vampire knights
  2 dire elephants (Lair:6)
  3 deep elf annihilators
  3 spark wasps
  2 deep elf death magi
  9 eidola
  2 death oozes (Slime:5)
  2 crystal guardians (Desolation)
  A mummy priest (Crypt:3)
  A fire dragon (Depths:4)
  An ettin (Vaults:5)
  5 ragged hierophants (Desolation)
  3 yaktaur captains
  20 hydras
  7 peacekeepers (Desolation)
  2 great orbs of eyes (Slime:5)
  2 servants of whispers (Desolation)
  13 vault guards
  The ghost of KristoblXynda the Cleaver, a journeyman DrGl of Ashenzari (D:10)
  An ice dragon (Vaults:3)
  A quicksilver dragon skeleton (Crypt:3)
  5 death knights
  2 catoblepae
  2 centaur warriors (D:15)
  2 rakshasas
  A queen ant (Lair:2)
  6 ogre magi
  10 two-headed ogres
  2 deep troll earth magi
  11 dancing weapons
  7 alligators
  A vampire mage (Crypt:1)
  2 orc high priests (Orc:2)
  7 deep elf knights
  A storm dragon zombie (Crypt:3)
  13 skeletal warriors
  A salamander mystic (Depths:2)
  2 spriggan druids (Swamp:4)
  3 glowing orange brains
  5 deep trolls
  A wizard (D:14)
  6 ironbrand convokers
  16 swamp dragons
  3 shambling mangroves
  4 orc knights
  4 deep elf archers
  A harpy (shapeshifter) (D:14)
  3 necromancers
  15 orb spiders
  3 fire giant zombies
  9 phantasmal warriors
  An orc sorcerer (Orc:2)
  18 deep elf magi
  19 wolf spiders
  A shadow dragon skeleton (Crypt:3)
  A faun (shapeshifter) (Vaults:5)
  A cyclops (D:15)
  12 ugly things
  2 manticores
  A centaur zombie (D:15)
  A salamander (shapeshifter) (D:15)
  4 elephants
  An ice statue (Spider:2)
  3 guardian serpents
  An eye of devastation (Slime:3)
  A torpor snail (Spider:2)
  An apocalypse crab (Spider:4)
  A naga mage (D:15)
  2 moths of wrath (Spider:3)
  9 vault sentinels
  4 centaur skeletons
  6 komodo dragons
  7 spiny frogs
  7 yaktaurs
  8 freezing wraiths
  A kobold demonologist (D:14)
  A komodo dragon (shapeshifter) (Vaults:5)
  A rime drake (shapeshifter) (Vaults:3)
  7 demonic crawlers
  A yaktaur skeleton (Vaults:2)
  A black draconian skeleton (Crypt:2)
  A pale draconian skeleton (Crypt:1)
  A guardian mummy (Crypt:3)
  A tengu conjurer (Depths:4)
  3 human skeletons
  A death yak skeleton (Crypt:2)
  20 jumping spiders
  A troll (Orc:2)
  6 tyrant leeches
  9 hornets
  A polar bear (shapeshifter) (Vaults:1)
  A meliai (shapeshifter) (Vaults:2)
  2 hippogriffs
  7 dream sheep
  29 saltlings (Desolation)
  2 blink frogs (Lair:6)
  29 slime creatures
  8 bog bodies
  A frost giant simulacrum (Vaults:2)
  3 flying skulls (Abyss:4)
  An ettin skeleton (Crypt:2)
  2 ice dragon zombies (Crypt:3)
  An ettin zombie (Crypt:3)
  20 tarantellas
  4 wraiths
  A shadow (Swamp:4)
  45 redbacks
  A centaur simulacrum (D:14)
  4 spriggans
  8 humans (D:14)
  2 wyverns
  4 yaks
  2 ushabtiu (Crypt:3)
  2 hogs (Swamp:4)
  2 basilisks
  A fire elemental (Elf:2)
  A hungry ghost (Abyss:4)
  7 vampire mosquitoes
  14 swamp worms
  8 insubstantial wisps
  2 wargs
  5 soldier ants
  A harpy simulacrum (D:14)
  A hydra simulacrum (IceCv)
  4 water moccasins
  2 porcupines (Lair:2)
  A floating eye (Depths:5)
  17 orc warriors
  3 eyes of draining
  A sky beast (D:15)
  11 swamp drakes
  A manticore zombie (Crypt:1)
  6 necrophages
  A snapping turtle zombie (Crypt:3)
  8 ogres
  11 wolves
  A hog zombie (Crypt:1)
  4 centaurs
  3 crocodiles
  A bullfrog (Lair:4)
  4 wyvern skeletons (Crypt:3)
  3 wights (D:14)
  A howler monkey (D:11)
  4 jellies (Lair:6)
  A human zombie (Crypt:3)
  9 orc priests
  3 orc wizards
  3 hell rats (Lair:6)
  11 worker ants
  A tengu zombie (Crypt:2)
  A felid skeleton (Crypt:2)
  An ooze (Lair:6)
  11 orcs
  4 kobolds (D:14)
  8 briar patches (Swamp:4)
  3 crawling corpses (Vaults:5)
  23 fungi
  4 plants
  7 withered plants (Crypt:3)
885 creatures vanquished.

Vanquished Creatures (others)
  A golden dragon (Zot:2)
  4 bone dragons
  3 profane servitors
  A draconian stormcaller (Zot:2)
  An emperor scorpion (Spider:4)
  5 ghouls
  A draconian annihilator (Zot:1)
  A war gargoyle (Vaults:5)
  8 vampire knights
  A white draconian (Zot:3)
  A ragged hierophant (Desolation)
  A great orb of eyes (Vaults:1)
  An ice dragon (Zot:4)
  2 two-headed ogres (Vaults:1)
  A tengu warrior (Depths:2)
  A deep elf knight (Elf:3)
  6 flayed ghosts
  10 skeletal warriors
  A deep elf archer (Elf:3)
  An anaconda zombie (Lair:6)
  A spectral orc (Orc:2)
  12 phantasmal warriors
  A moth of wrath (Zot:3)
  A dire elephant zombie (Lair:6)
  A yaktaur (Vaults:2)
  A queen ant zombie (Lair:2)
  A jumping spider (Spider:4)
  A hornet (Swamp:1)
  A hydra zombie (Lair:6)
  A slime creature (Slime:5)
  2 saltlings (Desolation)
  An ugly thing zombie (D:11)
  2 flying skulls
  7 vampires
  3 wraiths
  A spiny frog zombie (Lair:2)
  A spiny frog skeleton (Lair:6)
  A black bear (shapeshifter) (Vaults:3)
  A dream sheep zombie (Lair:5)
  5 elephant zombies (Lair:6)
  An eye of draining (Abyss:2)
  An ogre (Vaults:1)
  A centaur (Vaults:1)
  A hippogriff zombie (Lair:6)
  A small abomination (Abyss:4)
  A water moccasin skeleton (Lair:6)
  A yak zombie (Lair:6)
  4 wights
  A yak skeleton (Lair:6)
  A crimson imp (D:5)
  2 soldier ant zombies (Lair:2)
  A crocodile zombie (Lair:4)
  A mummy (Lair:6)
  8 worker ant zombies (Lair:2)
  A leopard gecko zombie (D:11)
  4 briar patches (Swamp:4)
  13 fungi
  3 plants (Lair:6)
  14 starspawn tentacles
  2 withered plants (Crypt:3)
158 creatures vanquished.

Grand Total: 3375 creatures vanquished

Notes
Turn   | Place    | Note
-------+----------+-------------------------------------------
     0 | D:1      | Iwannabefree the Vampire Hunter began the quest for the Orb.
     0 | D:1      | Reached XP level 1. HP: 16/16 MP: 1/1
    45 | D:1      | Reached skill level 1 in Short Blades
   445 | D:1      | Reached XP level 2. HP: 22/22 MP: 2/2
   938 | D:1      | Reached XP level 3. HP: 27/27 MP: 3/3
  1231 | D:2      | Reached XP level 4. HP: 20/33 MP: 4/4
  2126 | D:2      | Found a runed door.
  2139 | D:2      | Noticed Crazy Yiuf
  2146 | D:2      | Killed Crazy Yiuf
  2146 | D:2      | Reached XP level 5. HP: 40/40 MP: 5/5
  2380 | D:3      | Noticed anet's ghost (weakling DEWz)
  2393 | D:3      | Killed anet's ghost
  3037 | D:3      | Reached skill level 5 in Stealth
  3132 | D:4      | Reached XP level 6. HP: 41/47 MP: 6/6
  3142 | D:4      | Reached skill level 1 in Staves
  3539 | D:4      | Found a glowing golden altar of the Shining One.
  3539 | D:4      | Found a sacrificial altar of Ru.
  3540 | D:4      | Found a sparkling altar of Nemelex Xobeh.
  3843 | D:5      | Entered Level 5 of the Dungeon
  3843 | D:5      | Found a snail-covered altar of Cheibriados.
  3853 | D:5      | Learned a level 3 spell: Confuse
  3864 | D:5      | Reached XP level 7. HP: 52/52 MP: 7/7
  3879 | D:5      | Gained mutation: You possess an exceptional clarity of mind. [potion of mutation]
  3879 | D:5      | Gained mutation: You are agile. (Dex +2) [potion of mutation]
  3879 | D:5      | Gained mutation: You are surrounded by a mild repulsion field. (EV +2) [potion of mutation]
  4101 | D:5      | Reached skill level 5 in Hexes
  4153 | D:5      | Reached skill level 1 in Spellcasting
  4202 | D:5      | Found a glowing drain.
  4231 | Sewer    | Entered a sewer
  4231 | Sewer    | Noticed Gorglomux's ghost (amateur HOAK)
  4251 | Sewer    | Killed Gorglomux's ghost
  4251 | Sewer    | Reached XP level 8. HP: 44/58 MP: 9/11
  4284 | Sewer    | Noticed Purgy
  4311 | Sewer    | Killed Purgy
  4774 | D:5      | Found a large runed door.
  4774 | D:5      | Found a large runed door.
  4814 | D:5      | Reached skill level 5 in Staves
  4880 | D:5      | Found a large runed door.
  4880 | D:5      | Found a large runed door.
  4934 | D:5      | Noticed a hornet
  4949 | D:5      | Paralysed by a hornet for 3 turns
  4957 | D:5      | Killed a hornet
  4969 | D:5      | Got a scorched platinum ring
  4971 | D:5      | Identified the ring of Hufop {MR+ Dex+4} (You found it on level 5 of the Dungeon)
  4978 | D:5      | Got an ichor-stained plate armour
  4989 | D:5      | Identified the +14 plate armour of the Trees {+Blink rF- rCorr Stlth-} (You found it on level 5 of the Dungeon)
  5199 | D:6      | Reached XP level 9. HP: 61/64 MP: 12/12
  5332 | D:6      | Reached skill level 1 in Armour
  5603 | D:6      | You fall through a shaft for 3 floors!
  5655 | D:9      | Found a shadowy altar of Dithmenos.
  5658 | D:9      | Noticed a two-headed ogre
  5663 | D:9      | Iwannabefree: @??tho
  5663 | D:9      | beem: unknown monster: "tho"
  5663 | D:9      | Iwannabefree: @??2ho
  5663 | D:9      | beem: unknown monster: "2ho"
  5663 | D:9      | Iwannabefree: @??two-headed ogre
  5663 | D:9      | beem: two-headed ogre (O)
                  | Spd:
    10 | HD: 10   | HP: 44-63
                  | AC/EV: 3/6
                  | Dam: 20, 15
                  | items, doors, two-weapon
                  | Res: magic(40)
                  | XP:
   897 | Sz: Large | Int: human.
  5668 | D:9      | Killed a two-headed ogre
  5776 | D:9      | Found an iron altar of Okawaru.
  5815 | D:9      | Noticed a two-headed ogre
  5840 | D:8      | Noticed a troll
  5855 | D:8      | Killed a troll
  5865 | D:8      | Reached XP level 10. HP: 20/70 MP: 13/13
  5880 | D:7      | Reached skill level 5 in Armour
  6022 | D:8      | Killed a two-headed ogre
  6081 | D:8      | Got shimmering fire dragon scales
  6084 | D:8      | Noticed nht's ghost (novice MfBe)
  6103 | D:8      | Found a hazy altar of Hepliaklqana.
  6142 | D:8      | Identified the +1 fire dragon scales of Zin's Generosity {*Drain +Fly rF++ rC- MR+ Int+2} (You found it on level 8 of the Dungeon)
  6159 | D:8      | Found a sand-covered staircase.
  6163 | Ossuary  | Entered an ossuary
  6526 | D:7      | Noticed a green ugly thing
  6609 | D:8      | Killed nht's ghost
  6779 | D:8      | Identified the Almanac of Battle Magic
  7388 | D:7      | Found a staircase to the Ecumenical Temple.
  7393 | Temple   | Entered the Ecumenical Temple
  7413 | Temple   | Became a worshipper of Yredelemnul the Dark
  7469 | D:7      | Killed a green ugly thing
  8409 | D:9      | Reached XP level 11. HP: 77/77 MP: 14/14
  8421 | D:9      | Noticed a two-headed ogre
  8437 | D:9      | Killed a two-headed ogre
  8632 | D:9      | Reached skill level 10 in Staves
  8988 | D:9      | Reached * piety under Yredelemnul
  9069 | D:9      | Reached skill level 5 in Fighting
  9145 | D:9      | Found an ornate altar of the Wu Jian Council.
  9288 | D:10     | Entered Level 10 of the Dungeon
  9288 | D:10     | Found an ornate altar of the Wu Jian Council.
  9324 | D:10     | Noticed KristoblXynda's ghost (journeyman DrGl)
  9325 | D:10     | Found a staircase to the Lair.
  9551 | D:10     | Noticed a skeletal warrior
  9551 | D:10     | Noticed a skeletal warrior
  9555 | D:10     | Noticed a skeletal warrior
  9563 | Lair:1   | Entered Level 1 of the Lair of Beasts
 10126 | Lair:1   | Reached ** piety under Yredelemnul
 10140 | Lair:1   | Reached skill level 1 in Invocations
 10350 | Lair:1   | Noticed Harold
 10486 | Lair:1   | Killed Harold
 10545 | Lair:1   | Noticed an eight-headed hydra
 10589 | Lair:1   | Killed an eight-headed hydra
 11835 | Lair:2   | Reached XP level 12. HP: 62/89 MP: 15/15
 12114 | Lair:2   | Noticed a queen ant
 12133 | Lair:2   | Killed a queen ant
 12285 | Lair:2   | Reached *** piety under Yredelemnul
 13120 | Lair:2   | Received a gift from Yredelemnul (a wight)
 13700 | Lair:3   | Noticed a five-headed hydra
 13725 | Lair:3   | Killed a five-headed hydra
 14556 | Lair:4   | Noticed a six-headed hydra
 14578 | Lair:4   | Killed a six-headed hydra
 14578 | Lair:4   | Reached skill level 5 in Invocations
 14751 | Lair:4   | Noticed a seven-headed hydra
 14763 | Lair:4   | Killed a seven-headed hydra
 14947 | Lair:4   | Noticed a seven-headed hydra
 14968 | Lair:4   | Killed a seven-headed hydra
 14968 | Lair:4   | Received a gift from Yredelemnul (2 flying skulls)
 15400 | Lair:4   | Reached **** piety under Yredelemnul
 15402 | Lair:4   | Reached XP level 13. HP: 45/98 MP: 18/18
 15405 | Lair:4   | Found a hole to the Spider Nest.
 15439 | Lair:4   | Found a staircase to the Swamp.
 16012 | Lair:5   | Received a gift from Yredelemnul (a wight)
 16059 | Lair:5   | Learned a level 2 spell: Blink
 16582 | Lair:6   | Entered Level 6 of the Lair of Beasts
 17014 | Lair:6   | Received a gift from Yredelemnul (a mummy)
 17287 | Lair:6   | Received a gift from Yredelemnul (a wraith)
 17310 | Lair:6   | Found a staircase to the Slime Pits.
 17370 | Lair:6   | Reached skill level 10 in Hexes
 17958 | Lair:6   | Reached ***** piety under Yredelemnul
 18741 | Lair:6   | Received a gift from Yredelemnul (a wight)
 19003 | Lair:6   | Noticed a dire elephant
 19003 | Lair:6   | Noticed a dire elephant
 19036 | Lair:6   | Killed a dire elephant
 19055 | Lair:6   | Killed a dire elephant
 19456 | D:10     | Received a gift from Yredelemnul (a wight)
 19832 | D:10     | Reached XP level 14. HP: 105/108 MP: 20/20
 19859 | D:10     | Received a gift from Yredelemnul (a vampire)
 20018 | D:10     | Killed KristoblXynda's ghost
 20182 | D:11     | Found an ancient bone altar of Kikubaaqudgha.
 20363 | D:11     | Found a staircase to the Orcish Mines.
 20436 | D:11     | Found Siw Muis's Antique Weapon Shoppe.
 20586 | D:11     | Found an ornate altar of the Wu Jian Council.
 20602 | D:11     | Received a gift from Yredelemnul (a phantasmal warrior)
 20604 | D:11     | Found a runed door.
 20632 | D:11     | Got a slimy marble ring
 20634 | D:11     | Identified the ring "Mangos" {rCorr +Fly rElec rN++ MR-} (You found it on level 11 of the Dungeon)
 20675 | D:11     | Found a deep blue altar of Sif Muna.
 20703 | D:11     | Found a hide-covered altar of Uskayaw.
 20712 | D:11     | Found an iron altar of Okawaru.
 20738 | D:11     | Found a hazy altar of Hepliaklqana.
 20744 | D:11     | Reached skill level 10 in Armour
 20760 | D:11     | Found a stormy altar of Qazlal.
 20991 | D:12     | Received a gift from Yredelemnul (a phantasmal warrior)
 21249 | D:12     | Found a white marble altar of Elyvilon.
 21455 | Orc:1    | Entered Level 1 of the Orcish Mines
 21617 | Orc:2    | Entered Level 2 of the Orcish Mines
 22103 | Orc:1    | Found Piujiwev's Antique Weapon Boutique.
 22276 | Orc:2    | Received a gift from Yredelemnul (a wraith)
 22284 | Orc:1    | Noticed an orc warlord
 22298 | Orc:2    | Killed an orc warlord
 22334 | Orc:2    | Reached ****** piety under Yredelemnul
 22335 | Orc:2    | Received a gift from Yredelemnul (a wraith)
 22641 | Orc:2    | Found a roughly hewn altar of Beogh.
 22705 | Orc:2    | Reached skill level 10 in Fighting
 22854 | Orc:2    | Found Aneoth's Assorted Antiques.
 22875 | Orc:2    | Received a gift from Yredelemnul (a wraith)
 22992 | Orc:2    | Bought a scroll of teleportation for 60 gold pieces
 22998 | Orc:2    | Found Ruuzown's Gadget Shoppe.
 22998 | Orc:2    | Noticed a stone giant
 23009 | Orc:2    | Killed a stone giant
 23426 | Orc:2    | Received a gift from Yredelemnul (a vampire knight)
 23452 | Orc:2    | Noticed an orc warlord
 23465 | Orc:2    | an orc warlord changed into a catoblepas
 24009 | Orc:2    | Received a gift from Yredelemnul (a vampire)
 24011 | Orc:2    | Found a staircase to the Elven Halls.
 24091 | Orc:2    | Noticed an orc warlord
 24126 | Orc:2    | Killed an orc warlord
 24130 | Orc:2    | Killed an orc warlord
 24239 | Orc:2    | Received a gift from Yredelemnul (a vampire knight)
 24261 | Orc:2    | Found a roughly hewn altar of Beogh.
 24344 | Orc:2    | Found Ypseufebb's Armour Emporium.
 24353 | Orc:2    | Received a gift from Yredelemnul (a phantasmal warrior)
 24392 | Orc:2    | Found Agidag's Assorted Antiques.
 24403 | Orc:2    | Received a gift from Yredelemnul (a bone dragon)
 24419 | Orc:2    | Bought 2 potions of heal wounds for 270 gold pieces
 24712 | D:13     | Noticed Nessos
 24732 | D:13     | Banished Nessos
 24750 | D:13     | Noticed Gruud's ghost (journeyman DsGl)
 25146 | D:13     | Killed Gruud's ghost
 25261 | D:13     | Received a gift from Yredelemnul (a flayed ghost)
 25296 | D:13     | Got a brightly glowing ring mail
 25307 | D:13     | Identified the cursed +0 ring mail of the Eternal Fruit {MR+ Str+4 Dex+4} (You found it on level 13 of the Dungeon)
 25634 | D:14     | Found an opulent altar of Gozag.
 25644 | D:14     | Received a gift from Yredelemnul (a bone dragon)
 25711 | D:14     | Reached XP level 15. HP: 83/117 MP: 21/21
 25946 | D:14     | Received a gift from Yredelemnul (a skeletal warrior)
 26176 | D:14     | Received a gift from Yredelemnul (a skeletal warrior)
 26607 | D:14     | Received a gift from Yredelemnul (a vampire knight)
 26668 | D:14     | Received a gift from Yredelemnul (a ghoul)
 26929 | D:14     | Received a gift from Yredelemnul (a profane servitor)
 27150 | D:14     | Received a gift from Yredelemnul (a phantasmal warrior)
 27180 | D:14     | Found a gate to the Vaults.
 27216 | D:15     | Entered Level 15 of the Dungeon
 27246 | D:15     | Received a gift from Yredelemnul (a vampire knight)
 27649 | D:15     | Received a gift from Yredelemnul (a phantasmal warrior)
 27753 | D:15     | Found a staircase to the Depths.
 28214 | Lair:4   | Reached skill level 10 in Invocations
 28228 | Spider:1 | Entered Level 1 of the Spider Nest
 28598 | Spider:1 | Received a gift from Yredelemnul (a skeletal warrior)
 28634 | Spider:1 | Received a gift from Yredelemnul (a vampire knight)
 29532 | Spider:2 | Received a gift from Yredelemnul (a vampire knight)
 29540 | Spider:2 | Found a frozen archway.
 29634 | IceCv    | Entered an ice cave
 30063 | IceCv    | ReniFell: nais peshera
 30063 | IceCv    | Iwannabefree: da uzh
 30071 | IceCv    | ReniFell: huy!
 30071 | IceCv    | Iwannabefree: >твое лицо когда тебе говорят что новая палка оп
 30071 | IceCv    | Iwannabefree: G O V N I S H E
 30071 | IceCv    | ReniFell: :D
 30079 | IceCv    | Reached XP level 16. HP: 79/127 MP: 23/23
 30096 | IceCv    | ReniFell: 5!
 30265 | IceCv    | ReniFell: tam ewe i hydra simulacrer
 30282 | IceCv    | ReniFell: :DDDDDDDDDD
 30282 | IceCv    | Iwannabefree: AA
 30292 | IceCv    | ReniFell: USIPIL STATUYU!
 30315 | IceCv    | Iwannabefree: ПАРАЛИЗОВАЛО СТАТУЮ
 30327 | IceCv    | ReniFell: pizdec...
 30328 | IceCv    | ReniFell: invalid...
 30332 | IceCv    | ReniFell: statuya-invalid...
 30340 | IceCv    | Received a gift from Yredelemnul (a vampire knight)
 30363 | IceCv    | ReniFell: >>>>>>>>>>>>>>>>>>vampire knight
 30363 | IceCv    | Iwannabefree: eziest
 30374 | IceCv    | ReniFell: ebat
 30383 | IceCv    | Iwannabefree: шо такое
 30392 | IceCv    | Got a slimy tin ring
 30394 | IceCv    | Identified the ring "Ross" {rF+ Str+3 Slay+3} (You found it in an ice cave)
 30395 | IceCv    | ReniFell: ta ne
 30395 | IceCv    | Iwannabefree: !
 30396 | IceCv    | ReniFell: nais kolco
 30623 | Spider:2 | Iwannabefree: r8
 30623 | Spider:2 | Iwannabefree: >>>>>>>>>>>>d5
 30623 | Spider:2 | ReniFell: pizda
 30818 | Spider:2 | Received a gift from Yredelemnul (a phantasmal warrior)
 31029 | Spider:3 | Noticed Arachne
 31045 | Spider:3 | Killed Arachne
 31118 | Spider:3 | Paralysed by a hornet for 3 turns
 31674 | Spider:3 | Received a gift from Yredelemnul (a skeletal warrior)
 32059 | Spider:4 | Entered Level 4 of the Spider Nest
 32098 | Spider:4 | Received a gift from Yredelemnul (a vampire)
 32156 | Spider:4 | Received a gift from Yredelemnul (a skeletal warrior)
 32200 | Spider:4 | Cast into level 4 of the Abyss (the power of Zot)
 32201 | Abyss:4  | Iwannabefree: reeeeeeeeeeeeeeeeeeeeeeeeeeeeeeeeeeeeeeeeeeeeeeeeeeeeeeeee
 32289 | Abyss:4  | Iwannabefree: СУКА
 32289 | Abyss:4  | Iwannabefree: ЭТО АБИСС 4
 32292 | Abyss:4  | ReniFell: LOH
 32294 | Abyss:4  | ReniFell: LOH
 32303 | Abyss:4  | Received a gift from Yredelemnul (a phantasmal warrior)
 32331 | Abyss:4  | Noticed a tentacled starspawn
 32338 | Abyss:4  | Killed a tentacled starspawn
 32364 | Abyss:4  | Received a gift from Yredelemnul (a vampire knight)
 32426 | Abyss:4  | Noticed a tentacled starspawn
 32431 | Abyss:4  | ReniFell: ewe i blyadless
 32438 | Abyss:4  | Found a corrupted altar of Lugonu.
 32535 | Abyss:4  | Noticed a bone dragon
 32559 | Abyss:4  | Found a corrupted altar of Lugonu.
 32566 | Abyss:4  | Noticed a tentacled starspawn
 32569 | Abyss:4  | Noticed a tentacled starspawn
 32587 | Abyss:4  | Killed a tentacled starspawn
 32587 | Abyss:4  | Received a gift from Yredelemnul (a ghoul)
 32589 | Spider:4 | Escaped the Abyss
 32951 | Spider:4 | ReniFell: kto banishil ta
 32951 | Spider:4 | Iwannabefree: trap
 32958 | Spider:4 | ReniFell: a
 32959 | Spider:4 | ReniFell: lul
 32974 | Spider:4 | ReniFell: nice luck
 33072 | Spider:4 | Got a gossamer rune of Zot
 33186 | Spider:4 | Received a gift from Yredelemnul (a vampire knight)
 33408 | Spider:4 | Reached XP level 17. HP: 97/136 MP: 21/25
 33681 | Spider:4 | Received a gift from Yredelemnul (a ghoul)
 33928 | Swamp:1  | Entered Level 1 of the Swamp
 34270 | Swamp:1  | Received a gift from Yredelemnul (a skeletal warrior)
 34485 | Swamp:1  | ReniFell: L E R N I
 34509 | Swamp:1  | Iwannabefree: ranovato
 34806 | Swamp:1  | ReniFell: znayu
 34969 | Swamp:1  | Received a gift from Yredelemnul (a skeletal warrior)
 35164 | Swamp:2  | Received a gift from Yredelemnul (a vampire knight)
 35521 | Swamp:2  | Received a gift from Yredelemnul (a ghoul)
 36283 | Swamp:3  | Iwannabefree: лыжу бы
 36302 | Swamp:3  | Received a gift from Yredelemnul (a vampire)
 36313 | Swamp:3  | ReniFell: ??lija
 36314 | Swamp:3  | beem: lija ~ laja ~ lajatang[1/2]: (staves; -3 acc / 16 dam / 1.4 base delay / 0.7 min delay; two handed). A very rare and extremely effective imported weapon, featuring a pole with half-moon blades at both ends. Lajatangs chop hydra heads.
 36319 | Swamp:3  | Iwannabefree: bem v teme
 36350 | Swamp:3  | ReniFell: ya znal, on znaet
 36370 | Swamp:3  | ReniFell: top chel
 36786 | Swamp:3  | Iwannabefree: ??ninuzhno
 36786 | Swamp:3  | ReniFell: ya zahoju v cruwel tol'ko chtoby sprosit' u nego, kurit' ili havat' tabletosi
 36786 | Swamp:3  | beem: I don't have a page labeled ninuzhno in my learndb.
 36797 | Swamp:3  | ReniFell: btw
 36967 | Swamp:3  | ReniFell: !rng cig tab
 37005 | Swamp:3  | beem: The RNG chooses: cig.
 37023 | Swamp:4  | Entered Level 4 of the Swamp
 37024 | Swamp:4  | ReniFell: thx
 37026 | Swamp:4  | Iwannabefree: !rng govno mocha
 37026 | Swamp:4  | beem: The RNG chooses: govno.
 37026 | Swamp:4  | Iwannabefree: sps
 37066 | Swamp:4  | Reached skill level 5 in Dodging
 37861 | Swamp:4  | Noticed Kirke
 37870 | Swamp:4  | Iwannabefree: ебать там заруба
 37870 | Swamp:4  | ReniFell: aga
 37870 | Swamp:4  | Iwannabefree: щас всех перебьют андедов
 37871 | Swamp:4  | ReniFell: da
 37872 | Swamp:4  | HP: 5/138 [thorn hunter/volley of thorns (23)]
 37873 | Swamp:4  | ReniFell: i tebya
 37873 | Swamp:4  | Iwannabefree: S H I E T
 37873 | Swamp:4  | ReniFell: >>>>>>>>>>>>>>>>64
 37875 | Swamp:4  | ReniFell: mda
 37876 | Swamp:4  | ReniFell: balance
 37905 | Swamp:4  | ReniFell: B A L A N C E
 37917 | Swamp:4  | Killed Kirke
 37925 | Swamp:4  | Iwannabefree: broken huita zhe
 37936 | Swamp:4  | Iwannabefree: а это баланс?
 37936 | Swamp:4  | ReniFell: >>>>>>>>>.56
 37936 | Swamp:4  | Iwannabefree: меня ебаный куст ваншотает
 37938 | Swamp:4  | ReniFell: Ну лол
 37954 | Swamp:4  | ReniFell: Торн хантер всегда был самым тяжелым рядовым противником в свомпе же
 38027 | Swamp:4  | ReniFell: Магов так вообще шотает за турн
 38191 | Swamp:4  | Got a decaying rune of Zot
 38478 | Lair:4   | fotsohgehT: у вас неправильные маги
 38484 | Lair:4   | Iwannabefree: МОЖНО ЛЫЖУ ПЛС
 38484 | Lair:4   | ReniFell: туе
 38484 | Lair:4   | Iwannabefree: GDE AGNES
 38484 | Lair:4   | ReniFell: НЕТ
 38484 | Lair:4   | Iwannabefree: AGNEEEEEEEEEEEEESSSSS
 38485 | Lair:4   | ReniFell: пойду исполнять предсказание бема брб
 38491 | Lair:4   | Learned a level 5 spell: Silence
 38679 | Vaults:1 | Entered Level 1 of the Vaults
 38907 | Vaults:1 | Found Libudd's Armour Shop.
 38913 | Vaults:1 | Bought a +2 helmet for 165 gold pieces
 39124 | Vaults:1 | Reached skill level 1 in Air Magic
 39311 | Vaults:1 | Noticed Nikola
 39348 | Vaults:1 | Reached XP level 18. HP: 104/146 MP: 21/27
 39364 | Vaults:1 | Killed Nikola
 39481 | Vaults:1 | Received a gift from Yredelemnul (a vampire knight)
 39911 | Vaults:1 | Received a gift from Yredelemnul (a bone dragon)
 40068 | Vaults:1 | Noticed a golden dragon
 40076 | Vaults:1 | Noticed Gorglomux's ghost (adept GrGl)
 40220 | Vaults:1 | Killed a golden dragon
 40227 | Vaults:1 | Got a faintly glowing brass ring
 40247 | Vaults:1 | Killed Gorglomux's ghost
 40500 | Vaults:1 | Identified the ring "Mopsea" {Ice +Fly Str+4} (You took it off a frost giant on level 1 of the Vaults)
 40951 | Vaults:1 | Identified the Almanac of Noxious Flight
 42465 | Vaults:2 | Noticed Frederick
 42475 | Vaults:2 | Noticed Bai Suzhen
 42481 | Vaults:2 | Noticed Mara
 42482 | Vaults:2 | Killed Frederick
 42482 | Vaults:2 | Reached skill level 10 in Dodging
 42491 | Vaults:2 | Noticed Iwannabefree's illusion
 42499 | Vaults:2 | Killed Mara
 42508 | Vaults:2 | Noticed Bai Suzhen
 42508 | Vaults:2 | Bai Suzhen changed into Bai Suzhen the iron giant
 42508 | Vaults:2 | Bai Suzhen the iron giant changed into Bai Suzhen the shadow dragon
 42837 | Vaults:2 | Received a gift from Yredelemnul (a flayed ghost)
 43085 | Vaults:2 | Reached XP level 19. HP: 139/153 MP: 15/29
 43281 | Vaults:2 | Received a gift from Yredelemnul (a profane servitor)
 43454 | Vaults:2 | Noticed Boris
 43470 | Vaults:2 | Killed Boris
 43722 | Vaults:2 | Received a gift from Yredelemnul (a profane servitor)
 43983 | Vaults:2 | Found a staircase to the Crypt.
 43984 | Vaults:2 | Iwannabefree: чет совсем помойная игра
 44009 | Vaults:2 | Received a gift from Yredelemnul (a profane servitor)
 44143 | Vaults:2 | Reached skill level 1 in Maces & Flails
 44436 | Vaults:3 | Received a gift from Yredelemnul (a flayed ghost)
 44498 | Vaults:3 | Received a gift from Yredelemnul (a skeletal warrior)
 44588 | Vaults:3 | Received a gift from Yredelemnul (a skeletal warrior)
 44815 | Vaults:3 | Noticed Donald
 44836 | Vaults:3 | Killed Donald
 44908 | Vaults:3 | Got a sparkling zirconium amulet
 44910 | Vaults:3 | Identified the amulet of the Many Dances {Harm *Drain Str-3 Int+4} (You found it on level 3 of the Vaults)
 44980 | Vaults:3 | Reached skill level 5 in Maces & Flails
 45054 | Vaults:3 | Reached skill level 1 in Shields
 45251 | Vaults:3 | Noticed Saint Roka
 45328 | Vaults:3 | Killed Saint Roka
 45360 | Vaults:3 | Noticed a golden dragon
 45540 | Vaults:3 | Received a gift from Yredelemnul (a flayed ghost)
 45716 | Vaults:3 | Killed a golden dragon
 45975 | Vaults:4 | Reached XP level 20. HP: 155/160 MP: 30/30
 46144 | Vaults:4 | Got a flickering iron ring
 46147 | Vaults:4 | Identified the ring of Pafimnaz {Wiz rC++} (You found it on level 4 of the Vaults)
 46404 | Vaults:4 | Reached skill level 5 in Shields
 46506 | Vaults:4 | Received a gift from Yredelemnul (a skeletal warrior)
 46698 | Vaults:4 | Received a gift from Yredelemnul (a ghoul)
 47969 | Elf:1    | Entered Level 1 of the Elven Halls
 48302 | Elf:1    | Found Wodyuxa's Food Boutique.
 48362 | Elf:1    | Reached skill level 15 in Dodging
 48506 | Elf:1    | Reached skill level 15 in Fighting
 49310 | Elf:2    | Found a ruined gateway.
 49329 | Desolati | Entered the Desolation of Salt
 49384 | Desolati | Received a gift from Yredelemnul (a skeletal warrior)
 49462 | Desolati | Received a gift from Yredelemnul (a vampire)
 49564 | Desolati | Received a gift from Yredelemnul (a bone dragon)
 49585 | Desolati | Identified Ufraps's Handbook of Creative Self-Knowledge
 49589 | Desolati | Identified the Volume of Envenoming and Air
 49597 | Desolati | Learned a level 2 spell: Passwall
 49652 | Desolati | Noticed HEYYEYAAE's ghost (adept OpFi)
 49692 | Desolati | Killed HEYYEYAAE's ghost
 49771 | Desolati | Received a gift from Yredelemnul (a vampire)
 49876 | Desolati | Got a faintly glowing copper ring
 49878 | Desolati | Identified the ring of Departure {+Fly AC+4 Dex+3 Stlth-} (You found it in the Desolation of Salt)
 49907 | Desolati | Got a smoking bone ring
 49909 | Desolati | Identified the ring of Fess {*Corrode rN++ Int+3 Dex+6} (You found it in the Desolation of Salt)
 49914 | Desolati | Got a crude cloak
 49925 | Desolati | Identified the -2 cloak of Objectivity {+Fly} (You found it in the Desolation of Salt)
 49958 | Desolati | Received a gift from Yredelemnul (a vampire)
 49969 | Desolati | Reached XP level 21. HP: 169/169 MP: 31/31
 50065 | Desolati | Received a gift from Yredelemnul (a vampire knight)
 50109 | Desolati | Identified the amulet "Plog" {Regen+ Dex+2} (You found it in the Desolation of Salt)
 50291 | Elf:2    | Received a gift from Yredelemnul (a ghoul)
 50395 | Elf:2    | Found a large runed door.
 50395 | Elf:2    | Found a large runed door.
 50406 | Elf:2    | Found a large runed door.
 50406 | Elf:2    | Found a large runed door.
 50946 | Elf:3    | Entered Level 3 of the Elven Halls
 50965 | Elf:3    | Received a gift from Yredelemnul (a vampire)
 51224 | Elf:3    | Received a gift from Yredelemnul (a vampire)
 51564 | Elf:3    | Upgraded the game from 0.20-a0-738-gb057e68 to 0.20-a0-739-g6bb112f
 51582 | Elf:3    | Received a gift from Yredelemnul (a vampire)
 51590 | Elf:3    | Reached skill level 10 in Shields
 51917 | Elf:3    | Learned a level 6 spell: Invisibility
 51959 | Elf:3    | Got a shimmering bone ring
 51961 | Elf:3    | Identified the ring of Wodirit {MR+ SInv} (You took it off a deep elf demonologist on level 3 of the Elven Halls)
 52028 | Elf:3    | Noticed Louise
 52048 | Elf:3    | Killed Louise
 52074 | Elf:3    | Received a gift from Yredelemnul (a phantasmal warrior)
 52205 | Elf:3    | Identified a scroll of acquirement
 52208 | Elf:3    | Got an ancient lajatang
 52210 | Elf:3    | Identified the +6 lajatang "Plog" {slice, MR+ Str+2} (You acquired it on level 3 of the Elven Halls)
 52246 | Elf:2    | Learned a level 6 spell: Darkness
 52250 | Elf:2    | Learned a level 3 spell: Lesser Beckoning
 52464 | Depths:1 | Entered Level 1 of the Depths
 52596 | Depths:1 | Reached skill level 1 in Translocations
 52727 | Depths:1 | Received a gift from Yredelemnul (a vampire knight)
 52733 | Depths:1 | Reached skill level 5 in Spellcasting
 52776 | Depths:1 | Found a gateway to Hell.
 52785 | Depths:1 | Reached XP level 22. HP: 179/179 MP: 27/32
 53141 | Depths:1 | Found a shattered altar of Ashenzari.
 53531 | Depths:1 | Received a gift from Yredelemnul (a skeletal warrior)
 53606 | Depths:2 | Noticed Sojobo
 53633 | Depths:2 | Killed Sojobo
 53946 | Depths:2 | Found a one-way gate to the infinite horrors of the Abyss.
 53959 | Depths:2 | Received a gift from Yredelemnul (a vampire knight)
 54252 | Depths:2 | Noticed a juggernaut
 54283 | Depths:2 | Killed a juggernaut
 54878 | Orc:2    | Bought a +1 shield of protection for 280 gold pieces
 55116 | Orc:2    | Bought a potion of haste for 200 gold pieces
 55116 | Orc:2    | Bought a scroll of immolation for 70 gold pieces
 55172 | Orc:2    | Bought a scroll of fear for 94 gold pieces
 55172 | Orc:2    | Bought a potion of agility for 108 gold pieces
 55172 | Orc:2    | Bought a scroll of recharging for 256 gold pieces
 55172 | Orc:2    | Bought a potion of might for 108 gold pieces
 55569 | Depths:2 | Noticed the Enchantress
 55625 | Depths:2 | Killed the Enchantress
 55658 | Depths:2 | Got faerie dragon scales
 55660 | Depths:2 | Identified the +2 faerie dragon scales {*Corrode rPois rF- MR+++ rCorr} (You took it off the Enchantress on level 2 of the Depths)
 55876 | Depths:3 | Received a gift from Yredelemnul (a phantasmal warrior)
 56279 | Depths:3 | Received a gift from Yredelemnul (a skeletal warrior)
 56408 | Depths:3 | Noticed a juggernaut
 56468 | Depths:3 | Reached XP level 23. HP: 107/188 MP: 28/34
 56521 | Depths:3 | Killed a juggernaut
 56521 | Depths:3 | Received a gift from Yredelemnul (a skeletal warrior)
 56703 | Depths:3 | Received a gift from Yredelemnul (a vampire knight)
 56799 | Depths:3 | Received a gift from Yredelemnul (a vampire knight)
 56874 | Depths:3 | nono: хей
 56887 | Depths:3 | Iwannabefree: sup
 56891 | Depths:3 | nono: пробежал вчера на 60к ходов
 56926 | Depths:3 | nono: за ВС
 57004 | Depths:3 | Found a one-way gate leading to the halls of Pandemonium.
 57104 | Depths:3 | Iwannabefree: 15?
 57166 | Depths:3 | nono: угу
 57177 | Depths:3 | nono: это, конечно, много
 57177 | Depths:3 | Iwannabefree: huyase
 57177 | Depths:3 | nono: а чо
 57177 | Depths:3 | nono: это же дохуя
 57177 | Depths:3 | Iwannabefree: я столько брал когда в спидран пытался
 57374 | Depths:4 | Received a gift from Yredelemnul (a flayed ghost)
 57391 | Depths:4 | Reached skill level 15 in Hexes
 57392 | Depths:4 | nono: ну я просто нашел в магазине ГДА анрандартный
 57475 | Depths:4 | nono: да, кстати, я видел, я там в списке на пару строчек ниже тебя
 57522 | Depths:4 | nono: ну в смысле там где скорес
 57522 | Depths:4 | Iwannabefree: !lg . * hewz
 57522 | Depths:4 | beem: 1. Iwannabefree the Archmage (L27 HEWz of Vehumet), escaped with the Orb and 15 runes on 2016-12-02 14:04:22, with 23800630 points after 63591 turns and 8:01:16.
 57522 | Depths:4 | nono: а так лейр орков и дагжон я автоэксплорингом бегал
 57522 | Depths:4 | Iwannabefree: na 500k
 57565 | Depths:4 | nono: !lg . * vsar
 57568 | Depths:4 | beem: No games for nono (* vsar).
 57590 | Depths:4 | nono: !lg . * vsam
 57599 | Depths:4 | beem: 21. nono the Bringer of Law (L27 VSAM of Zin), escaped with the Orb and 15 runes on 2017-02-24 02:33:59, with 23373785 points after 64504 turns and 6:29:07.
 57709 | Depths:4 | Found Plog's Armour Emporium.
 57717 | Depths:4 | Bought the +5 pair of gloves "Juor" {rPois rC+} for 1144 gold pieces
 57737 | Depths:4 | nono: томб чистил под тсо
 57915 | Depths:4 | nono: потом свитч к зину и паны и хел под ним
 58030 | Depths:4 | nono: правда, я не всех панлородов убил
 58082 | Depths:5 | Entered Level 5 of the Depths
 58082 | Depths:5 | nono: опять скипнул лом лобома
 58177 | Depths:5 | nono: и антаеус что-то доставил проблем, таку что я хуй на него положил
 58197 | Depths:5 | Received a gift from Yredelemnul (a vampire)
 58223 | Depths:5 | Found a gateway to a ziggurat.
 58224 | Depths:5 | Paralysed by a floating eye for 4 turns
 58233 | Depths:5 | Paralysed by a floating eye for 2 turns
 58311 | Depths:5 | nono: а где остальная твоя Ередемнулшовская кодла?
 58468 | Depths:5 | Received a gift from Yredelemnul (a ghoul)
 58472 | Depths:5 | Iwannabefree: в данже бегает
 58472 | Depths:5 | Iwannabefree: мне так удобнее
 58472 | Depths:5 | Iwannabefree: кстати, плетку мне юра подарил
 58472 | Depths:5 | Iwannabefree: вместе с падшим ангелом
 58526 | Depths:5 | Found a gate to the Realm of Zot.
 58560 | Depths:5 | Received a gift from Yredelemnul (a phantasmal warrior)
 58830 | Depths:5 | Learned a level 1 spell: Apportation
 58876 | Depths:5 | nono: хех
 58887 | Depths:5 | nono: норм, чо
 58888 | Depths:5 | Reached skill level 15 in Invocations
 59150 | Depths:5 | nono: но вообзще еще изи найти
 59150 | Depths:5 | nono: как и демон тридент
 59150 | Depths:5 | nono: ну может она будет не вамп
 59150 | Depths:5 | nono: но тоже норм
 59150 | Depths:5 | nono: что у тебя со щитом, покажи
 59151 | Depths:5 | Got a faintly glowing scale mail
 59153 | Depths:5 | Iwannabefree: prot
 59190 | Depths:5 | nono: а что не большой?
 59244 | Depths:5 | Iwannabefree: скилла нет
 59244 | Depths:5 | nono: большйо щит покруче
 59244 | Depths:5 | nono: ну и чо
 59244 | Depths:5 | nono: он там не сильно режет
 59244 | Depths:5 | Iwannabefree: и большого годного нет
 59309 | Depths:5 | nono: ну ясно
 59392 | Depths:4 | nono: хотя я обычно просто беру любой
 59428 | Depths:4 | nono: даже если на д3 найду
 59434 | Depths:4 | Received a gift from Yredelemnul (a ghoul)
 59513 | Depths:1 | nono: только если не кастер
 59513 | Depths:1 | Iwannabefree: ну так ты на минотаберах играешь
 59513 | Depths:1 | nono: а, ты же кастер"
 59513 | Depths:1 | Iwannabefree: у меня тут инвиз
 59520 | Depths:1 | nono: угу
 59535 | Depths:1 | nono: у меня итоже извиз
 59539 | Depths:1 | nono: с плащика, как
 59741 | Vaults:2 | Iwannabefree: s salensom
 59760 | Crypt:1  | Entered Level 1 of the Crypt
 60090 | Crypt:1  | Received a gift from Yredelemnul (a vampire knight)
 60495 | Crypt:2  | Received a gift from Yredelemnul (a vampire knight)
 60695 | Crypt:2  | Reached XP level 24. HP: 174/195 MP: 35/35
 60770 | Crypt:2  | Received a gift from Yredelemnul (a phantasmal warrior)
 61053 | Crypt:3  | Entered Level 3 of the Crypt
 61085 | Crypt:3  | Received a gift from Yredelemnul (a skeletal warrior)
 61165 | Crypt:3  | Received a gift from Yredelemnul (a phantasmal warrior)
 61418 | Crypt:3  | Received a gift from Yredelemnul (a skeletal warrior)
 61499 | Crypt:3  | Found a basalt altar of Yredelemnul.
 61521 | Crypt:3  | Received a gift from Yredelemnul (a phantasmal warrior)
 61700 | Crypt:3  | Received a gift from Yredelemnul (a vampire)
 61746 | Crypt:3  | Found a staircase to the Tomb.
 62315 | Crypt:3  | Identified The Lost Secrets of the Arcane Arts
 62960 | Vaults:5 | Entered Level 5 of the Vaults
 62983 | Vaults:5 | Reached skill level 15 in Shields
 63001 | Vaults:5 | Noticed an ancient lich
 63190 | Vaults:5 | Received a gift from Yredelemnul (a phantasmal warrior)
 63339 | Vaults:5 | Killed an ancient lich
 63340 | Vaults:5 | Received a gift from Yredelemnul (a flayed ghost)
 63379 | Vaults:5 | Received a gift from Yredelemnul (a skeletal warrior)
 63493 | Vaults:5 | Received a gift from Yredelemnul (a skeletal warrior)
 63516 | Vaults:5 | Reached XP level 25. HP: 202/202 MP: 36/36
 63566 | Vaults:5 | Got a silver rune of Zot
 63664 | Vaults:5 | Got a translucent turquoise ring
 63670 | Vaults:5 | Identified the Compendium of Quantum Snow
 63673 | Vaults:5 | Identified the ring "Wigeramn" {MP+9 Slay+2} (You took it off a yaktaur captain on level 5 of the Vaults)
 63698 | Vaults:5 | Received a gift from Yredelemnul (a vampire knight)
 64098 | Vaults:5 | Noticed Jory
 64113 | Vaults:5 | Killed Jory
 64404 | Vaults:5 | Identified the Almanac of the Assistive Rocks
 65221 | Lair:4   | nono: у узкой, ксттаи, практически никакой гнев
 65292 | Slime:1  | Entered Level 1 of the Pits of Slime
 65293 | Slime:1  | Iwannabefree: on zhe paralizit
 65303 | Slime:1  | nono: 1 раз за весь врес
 65308 | Slime:2  | nono: 1! раз
 65315 | Slime:2  | nono: на два хода
 65337 | Slime:2  | nono: я дважды ее бросал
 65342 | Slime:1  | nono: можетЮ ,конечно, зин спасал
 65364 | Slime:1  | nono: но она не делает нихуя
 65388 | Slime:2  | Iwannabefree: ??vit
 65388 | Slime:2  | beem: vitalisation[1/1]: Protects you from sickness, poison, confusion, petrification, rot and stat drain while active, and boosts your stats (up to +9 each, depending on Invoc skill).
 65391 | Slime:2  | nono: при этом тебя не обязательно парализует около опасных мобов, просто ты идешь куда-то и тебя может парализовать
 65412 | Slime:3  | Iwannabefree: hz
 65422 | Slime:3  | Found a viscous altar of Jiyva.
 65424 | Slime:3  | Gained mutation: You are weak. (Str -2) [a shining eye]
 65451 | Slime:3  | nono: это не похоже на Узкую
 65475 | Slime:3  | nono: хотя, вот конфузия
 65491 | Slime:3  | nono: -16
 65554 | Slime:3  | nono: рКорр не завезли?
 65634 | Slime:5  | Entered Level 5 of the Pits of Slime
 65645 | Slime:5  | Received a gift from Yredelemnul (a skeletal warrior)
 65822 | Slime:5  | Found a viscous altar of Jiyva.
 65822 | Slime:5  | Noticed the Royal Jelly
 65833 | Slime:5  | nono: вызови подмогу
 65843 | Slime:5  | nono: будь уже пристом Иры
 65851 | Slime:5  | Killed the Royal Jelly
 65858 | Slime:5  | nono: все равно в зоте она вся на раз-два подохнет
 65879 | Slime:5  | Received a gift from Yredelemnul (a profane servitor)
 65916 | Slime:5  | Iwannabefree: а я и не хочу с юрой в зот
 65916 | Slime:5  | Iwannabefree: я хочу взять титул нового бога
 65920 | Slime:5  | nono: а куда ты хочешь?
 65932 | Slime:5  | nono: мм
 65949 | Slime:5  | nono: ты хочешь сделдат ьсвитч?
 65972 | Slime:5  | Got a slimy rune of Zot
 65986 | Slime:5  | Identified the +7 longbow of Wonip {freeze, Str+9 Int+3} (You found it on level 5 of the Pits of Slime)
 65987 | Slime:5  | Iwannabefree: da
 65998 | Slime:5  | nono: титулы овверрейтед
 65998 | Slime:5  | nono: тогда сделай свитч по дороге вниз
 65998 | Slime:5  | nono: с орбой
 65998 | Slime:5  | Identified the Catalogue of the Poles
 66001 | Slime:5  | Iwannabefree: пиети
 66001 | Slime:5  | nono: а оно надо?
 66001 | Slime:5  | nono: титул же от навыка
 66005 | Slime:5  | Learned a level 3 spell: Regeneration
 66009 | Slime:5  | Learned a level 3 spell: Spectral Weapon
 66013 | Slime:5  | Learned a level 3 spell: Ozocubu's Armour
 66013 | Slime:5  | nono: титул новоогоь бога - это 26 инвоков
 66014 | Slime:5  | nono: если я тебя понял
 66014 | Slime:5  | nono: похуй на пиети
 66014 | Slime:5  | Iwannabefree: niet
 66014 | Slime:5  | nono: вроде бы
 66014 | Slime:5  | Iwannabefree: там разные титулы
 66014 | Slime:5  | Iwannabefree: в зависимости от пиети
 66014 | Slime:5  | Iwannabefree: я хочу последний
 66014 | Slime:5  | nono: хмм
 66014 | Slime:5  | nono: аа
 66019 | Slime:5  | nono: не знаю, в чем фишка
 66038 | Slime:5  | nono: но ок
 66128 | Lair:6   | cribozai: privet brothers
 66263 | D:10     | nono: йоу
 66263 | D:10     | Iwannabefree: priviet comrade
 66263 | D:10     | Fell from the grace of Yredelemnul
 66263 | D:10     | Became a worshipper of the Wu Jian Council
 66437 | Depths:2 | Voluntarily entered the Abyss.
 66437 | Abyss:1  | Found a corrupted altar of Lugonu.
 66521 | Abyss:1  | nono: инбифо уровень инвоков не влияет на титул новго бога
 66818 | Abyss:2  | Reached skill level 1 in Necromancy
 66820 | Abyss:2  | cribozai: wow, russianized "inb4" exists, the more you know
 66939 | Abyss:2  | Reached * piety under Wu Jian
 66969 | Abyss:2  | Reached skill level 1 in Charms
 66970 | Abyss:2  | Iwannabefree: sometimes its hard to shift+alt
 66970 | Abyss:2  | Found a blossoming altar of Fedhas.
 67132 | Abyss:2  | Reached ** piety under Wu Jian
 67155 | Abyss:2  | Found a blossoming altar of Fedhas.
 67186 | Abyss:2  | nono: I actually thought u speak russian
 67189 | Abyss:2  | nono: heh
 67494 | Abyss:3  | Got an abyssal rune of Zot
 67500 | Abyss:3  | cribozai: not a word, just use google translate
 67516 | Abyss:3  | nono: i got it
 67516 | Abyss:3  | cribozai: works enough of the time to be valuable
 67593 | Abyss:3  | cribozai: Finnish/Swedish/English/German(a bit)/Portuguese(recently started learning)
 67635 | Abyss:3  | cribozai: those I have some knowledge in
 67638 | Abyss:3  | Reached *** piety under Wu Jian
 67644 | Abyss:3  | Reached XP level 26. HP: 177/210 MP: 37/37
 67657 | Abyss:3  | Iwannabefree: russian/english/a bit of japanese and tatar
 67665 | Abyss:3  | nono: heh
 67682 | Abyss:3  | cribozai: japanese, woo. Weeaboo detected! :D
 67686 | Abyss:3  | Reached skill level 5 in Necromancy
 67714 | Abyss:3  | Iwannabefree: ohaio senpai
 67718 | Abyss:3  | nono: who is not weaboo here>
 67719 | Depths:2 | Escaped the Abyss
 67846 | Depths:3 | cribozai: <-
 67854 | Depths:3 | nono: heh
 67898 | Depths:5 | nono: so u are special
 67898 | Zot:1    | Entered Level 1 of the Realm of Zot
 67899 | Zot:1    | cribozai: eww
 67899 | Zot:1    | cribozai: that almost makes me a bit sad
 67899 | Zot:1    | cribozai: that japanofilia is the norm nowadays
 67899 | Zot:1    | nono: i thought it is pretty common to be weaboo and play nerd games like crawl
 67899 | Zot:1    | Iwannabefree: btw, weaboo is somebody who likes japan
 67899 | Zot:1    | Iwannabefree: and japanese stuff
 67899 | Zot:1    | Iwannabefree: not just anime
 67899 | Zot:1    | cribozai: yes, japanofilia
 67899 | Zot:1    | Iwannabefree: so im hardly weaboo, i just like to watch anime
 67999 | Zot:1    | Reached skill level 5 in Charms
 68096 | Zot:1    | cribozai: japan has pretty nice immigration policy tho
 68145 | Zot:1    | nono: hmm
 68152 | Zot:1    | Iwannabefree: better than EU : ^)
 68158 | Zot:1    | cribozai: absolutely
 68161 | Zot:1    | Reached **** piety under Wu Jian
 68343 | Zot:1    | nono: maybe be but they are nationalitst
 68366 | Zot:1    | cribozai: yup
 68366 | Zot:1    | Iwannabefree: japanese porn is also great
 68389 | Zot:1    | cribozai: -_-
 68415 | Zot:2    | cribozai: Russian is much better
 68441 | Zot:2    | Iwannabefree: meh
 68520 | Zot:2    | cribozai: slavic women > japanese women
 68520 | Zot:2    | Iwannabefree: your taste in porn is shit, meng
 68523 | Zot:2    | cribozai: :D
 68596 | Zot:3    | nono: heh
 68596 | Zot:3    | Iwannabefree: !ev
 68596 | Zot:3    | beem: Race: str: dex: ER: dodging: armour: => EV: 8
 68596 | Zot:3    | Iwannabefree: !ev vp 17 20 7 18
 68596 | Zot:3    | beem: Race: vp str: 17 dex: 20 ER: 7 dodging: 18 armour: => EV: 25
 68596 | Zot:3    | Iwannabefree: !ev vp 17 20 15 18
 68596 | Zot:3    | beem: Race: vp str: 17 dex: 20 ER: 15 dodging: 18 armour: => EV: 16
 68958 | Zot:3    | Lost mutation: You are agile. (Dex +2) [potion of mutation]
 68958 | Zot:3    | Lost mutation: You possess an exceptional clarity of mind. [potion of mutation]
 68958 | Zot:3    | Lost mutation: You are weak. (Str -2) [potion of mutation]
 68958 | Zot:3    | Gained mutation: You occasionally shout uncontrollably at your foes. [potion of mutation]
 68958 | Zot:3    | Gained mutation: You have a pair of small antennae on your head. [potion of mutation]
 68958 | Zot:3    | Gained mutation: You have sharp toenails. [potion of mutation]
 68959 | Zot:3    | Lost mutation: You occasionally shout uncontrollably at your foes. [potion of mutation]
 68959 | Zot:3    | Gained mutation: You are resistant to hostile enchantments. (MR+) [potion of mutation]
 68959 | Zot:3    | Lost mutation: You have sharp toenails. [potion of mutation]
 68959 | Zot:3    | Gained mutation: You are agile. (Dex +2) [potion of mutation]
 68960 | Zot:3    | Lost mutation: You are resistant to hostile enchantments. (MR+) [potion of mutation]
 68960 | Zot:3    | Lost mutation: You are agile. (Dex +2) [potion of mutation]
 68960 | Zot:3    | Lost mutation: You have a pair of small antennae on your head. [potion of mutation]
 68960 | Zot:3    | Gained mutation: You have sharp toenails. [potion of mutation]
 68960 | Zot:3    | Gained mutation: You are resistant to hostile enchantments. (MR+) [potion of mutation]
 68960 | Zot:3    | Gained mutation: You are partially covered in iridescent scales. (AC +2) [potion of mutation]
 68961 | Zot:3    | Lost mutation: You are resistant to hostile enchantments. (MR+) [potion of mutation]
 68961 | Zot:3    | Lost mutation: You are partially covered in iridescent scales. (AC +2) [potion of mutation]
 68961 | Zot:3    | Gained mutation: Armour fits poorly on your strangely shaped body. [potion of mutation]
 68961 | Zot:3    | Gained mutation: You can translocate small distances at will. [potion of mutation]
 68962 | Zot:3    | Lost mutation: You have sharp toenails. [potion of mutation]
 68962 | Zot:3    | Lost mutation: You can translocate small distances at will. [potion of mutation]
 68962 | Zot:3    | Lost mutation: Armour fits poorly on your strangely shaped body. [potion of mutation]
 68962 | Zot:3    | Lost mutation: You are surrounded by a mild repulsion field. (EV +2) [potion of mutation]
 68962 | Zot:3    | Gained mutation: You are weak. (Str -2) [potion of mutation]
 68962 | Zot:3    | Gained mutation: You tend to lose your temper in combat. [potion of mutation]
 68962 | Zot:3    | Gained mutation: You evolve. [potion of mutation]
 68963 | Zot:3    | Lost mutation: You evolve. [potion of mutation]
 68963 | Zot:3    | Lost mutation: You tend to lose your temper in combat. [potion of mutation]
 68963 | Zot:3    | Lost mutation: You are weak. (Str -2) [potion of mutation]
 68963 | Zot:3    | Gained mutation: Your spells are a little harder to cast, but a little more powerful. [potion of mutation]
 68963 | Zot:3    | Gained mutation: You are agile. (Dex +2) [potion of mutation]
 68963 | Zot:3    | Gained mutation: You are somewhat resistant to further mutation. [potion of mutation]
 68964 | Zot:3    | Iwannabefree: GIFF ME RELEC
 69168 | Zot:4    | Iwannabefree: nice
 69170 | Zot:4    | oplop: q
 69179 | Zot:4    | Iwannabefree: hi
 69188 | Zot:4    | Reached skill level 10 in Maces & Flails
 69541 | Zot:4    | Identified the +2 helmet of Hithua {rC+ Int+4} (You found it on level 4 of the Realm of Zot)
 69697 | Zot:4    | Identified Sif Muna's Collected Works on Enchantment and the Compass
 69787 | Zot:4    | Reached ***** piety under Wu Jian
 69806 | Zot:4    | Reached XP level 27. HP: 215/215 MP: 37/37
 70089 | Zot:5    | Entered Level 5 of the Realm of Zot
 70549 | Zot:5    | Noticed an orb of fire
 70560 | Zot:5    | Killed an orb of fire
 70560 | Zot:5    | Reached skill level 5 in Air Magic
 70725 | Zot:5    | Noticed an orb of fire
 70726 | Zot:5    | Noticed an ancient lich
 70730 | Zot:5    | Gained mutation: You are occasionally teleported next to monsters. [an orb of fire]
 70736 | Zot:5    | Iwannabefree: oh
 70740 | Zot:5    | Killed an orb of fire
 70868 | Zot:5    | Lost mutation: Your spells are a little harder to cast, but a little more powerful. [potion of mutation]
 70868 | Zot:5    | Lost mutation: You are occasionally teleported next to monsters. [potion of mutation]
 70868 | Zot:5    | Lost mutation: You are agile. (Dex +2) [potion of mutation]
 70868 | Zot:5    | Lost mutation: You are somewhat resistant to further mutation. [potion of mutation]
 70868 | Zot:5    | Gained mutation: You are clumsy. (Dex -2) [potion of mutation]
 70868 | Zot:5    | Gained mutation: You are partially covered in molten scales. (AC +2) [potion of mutation]
 70868 | Zot:5    | Gained mutation: You possess an exceptional clarity of mind. [potion of mutation]
 70890 | Zot:5    | cribozai: cool zot:5 layout
 70915 | Zot:5    | Noticed an orb of fire
 70915 | Zot:5    | Gained mutation: Your body sometimes deteriorates upon taking damage. [an orb of fire]
 70929 | Zot:5    | Killed an orb of fire
 70929 | Zot:5    | Reached skill level 15 in Armour
 71620 | Zot:3    | Was forgiven by Yredelemnul
 71627 | Zot:3    | Got a glittering brass ring
 71628 | Zot:3    | Identified the ring "Xyjut" {Fire MR++ Int+2 Stlth-} (You found it on level 3 of the Realm of Zot)
 72925 | Zot:5    | Noticed an orb of fire
 72926 | Zot:5    | Gained mutation: You are weak. (Str -2) [an orb of fire]
 72931 | Zot:5    | Lost mutation: You possess an exceptional clarity of mind. [an orb of fire]
 72932 | Zot:5    | Noticed an orb of fire
 72938 | Zot:5    | Gained mutation: You are surrounded by a mild repulsion field. (EV +2) [an orb of fire]
 72940 | Zot:5    | Killed an orb of fire
 72947 | Zot:5    | Killed an orb of fire
 72968 | Zot:5    | Noticed an ancient lich
 72987 | Zot:5    | Killed an ancient lich
 73513 | Zot:5    | Killed an ancient lich
 73605 | Zot:5    | Iwannabefree: >still *****
 73771 | Depths:4 | Voluntarily entered the Abyss.
 74012 | Abyss:1  | Reached ****** piety under Wu Jian
 74020 | Abyss:1  | Killed Nessos
 74078 | Abyss:1  | Found a corrupted altar of Lugonu.
 74248 | Abyss:1  | Gained mutation: You passively map a small area around you. [a neqoxec]
 74398 | Abyss:1  | cribozai: why the abyss farming?
 74432 | Depths:4 | Escaped the Abyss
 74432 | Depths:4 | Iwannabefree: for piety
 74504 | Zot:2    | cribozai: i c
 74616 | Zot:5    | cribozai: ??scumming abyss
 74617 | Zot:5    | beem: I don't have a page labeled scumming_abyss in my learndb.
 74627 | Zot:5    | cribozai: ??farming abyss
 74629 | Zot:5    | beem: I don't have a page labeled farming_abyss in my learndb.
 74630 | Zot:5    | Iwannabefree: I had to do that
 74630 | Zot:5    | Iwannabefree: because this title is my goal
 74630 | Zot:5    | cribozai: I know, I just remember a good entry back in the day
 74631 | Zot:5    | Iwannabefree: ??scumming
 74631 | Zot:5    | beem: scumming[1/2]: The strategy of collecting easy rewards in unchallenging areas, e.g. when a high-level character visits levels suitable for low-level characters. Has a number of derived terms, eg. stair scumming, save scumming, {abyss scumming}.
 74631 | Zot:5    | Iwannabefree: ??abyss scumming
 74631 | Zot:5    | beem: abyss scumming[1/1]: Doing this is a sure sign that you are playing like an idiot. Stop it.
 74632 | Zot:5    | Got the Orb of Zot
 74666 | Zot:5    | Noticed Haraic the pandemonium lord
 74743 | Depths:5 | Noticed Justusma the pandemonium lord
 74984 | D:12     | Noticed Urrucwis the pandemonium lord
 75235 | D:1      | Gorglomux: gg!
 75266 | D:1      | cribozai: gg!
 75266 | D:1      | Iwannabefree: ty
 75267 | D:$      | Escaped with the Orb!

Vault maps used:
D:1:      dpeg_arrival_pits
D:2:      kennysheep_big_empty_room, uniq_crazy_yiuf_cottage
D:3:      kb_forest_paths, first_bread
D:4:      gammafunk_temple_overflow_claw
D:5:      cheibriados_altar_1, portal_sewer_entry_f,
          minmay_hollow_rounded_squares
D:7:      temple_doors_e, kennysheep_donut
D:8:      minmay_cut_squares, lemuel_crystal_altar, nicolae_ossuary_entry_plus
D:9:      nicolae_overflow_crystal_walls, lemuel_coloured_pillars_altar,
          hangedman_fish_farm, okawaru_ov_weapons_minmay
D:10:     lair_entry_dummy, basic_altar, grunt_ministairs_2
D:11:     due_megacathedral, serial_shops, nicolae_shop_stone, basic_altar,
          grunt_ministairs_7, minivault_1
D:12:     elyvilon_altar_4
D:13:     uniq_nessos
D:14:     grunt_vaults_entry_tiered, nicolae_gozag_seed_capital
D:15:     grunt_enter_depths_magical_seal, fake_guardian_serpent_vault
Temple:   regret_index_temple_waves
Lair:1:   roderic_batcave, uniq_harold
Lair:2:   zaba_anthell
Lair:3:   dpeg_oklob_gauntlet, fungi_pond_lemuel,
          eino_small_chamber_without_monster, minivault_26,
          minmay_lair_oklob_chamber
Lair:4:   swamp_mist, spider_nest_entry_a
Lair:5:   minivault_19
Lair:6:   due_jungle_book, minmay_slime_entry_jelly_boxes, grunt_megastairs_5,
          lemuel_fruit_tree
Swamp:1:  evilmike_swamp_ruin_rubble_1, st_swamp_ruins_3
Swamp:2:  evilmike_swamp_ruin_wall, swamp_pool3, st_swamp_mini
Swamp:3:  evilmike_swamp_ruin_rubble_2
Swamp:4:  swamp, uniq_kirke
Spider:1: hangedman_spider_tarantella_strand
Spider:2: portal_ice_cave_entry_ice_statue_one
Spider:3: spider_trap, spiders_nest_the_unseen, uniq_arachne
Spider:4: grunt_spider_rune_circles, hangedman_spider_mandibles,
          nicolae_orb_island
Slime:1:  basic_altar, cheibrodos_slime_lost_civilization_6
Slime:3:  basic_altar
Orc:1:    serial_shops, nicolae_shop_trees
Orc:2:    pubby_orc_utopia, serial_shops
Elf:1:    serial_shops, shop, evilmike_minifort, serial_sigils_hangedman_gut
Elf:2:    portal_desolation_entry_salt
Elf:3:    elf_hall, st_stairs_7, lemuel_flamethrower_2, uniq_louise
Vaults:1: st_greater_box_5, hangedman_vaults_stagger, serial_ice_h,
          vaults_room_stairs_pillars, grunt_vaults_hallway_long,
          nicolae_vaults_circle_grid_a, vaults_dpeg_ring,
          ontoclasm_vaults_ring_small, ontoclasm_vaults_eye,
          nicolae_vaults_little_squares_4, vaults_dpeg_hooks, serial_shops,
          nicolae_shop_stone, uniq_nikola
Vaults:2: v_pattern_4, minmay_crypt_entry_simple_box, vaults_room_corners,
          v_misc_11, nicolae_vaults_triangles, hangedman_vaults_impose,
          nicolae_vaults_branching_niches, v_alt_pattern_3, v_misc_4, v_misc_16,
          ontoclasm_vaults_ligature, vaults_room_pools,
          ontoclasm_vaults_decontamination, uniq_frederick, uniq_boris,
          uniq_bai_suzhen, uniq_mara
Vaults:3: hangedman_vaults_stream, hangedman_vaults_nodes, nicolae_vaults_theta,
          v_misc_8, hangedman_vaults_corner_blocks, st_hourglassy,
          vaults_mumra_hexcomb, hangedman_vaults_pinch,
          ontoclasm_vaults_shuriken, dpeg_vaults_monster_row,
          nicolae_vaults_mini_display_case, uniq_donald, uniq_saint_roka
Vaults:4: nicolae_vaults_circle_grid_b, nicolae_vaults_windows_and_doors_thing,
          serial_ice_h, nicolae_vaults_alarming, vaults_mumra_chevron_long,
          v_misc_10, nicolae_vaults_bisected_exclaves, hangedman_vaults_slice,
          nicolae_vaults_murderbox, dpeg_vaults_monster_box, v_misc_23,
          v_misc_13, nicolae_vaults_little_squares_6, vaults_room_door_ring,
          nicolae_vaults_hallways_thing
Vaults:5: serial_shops, uniq_jory
Crypt:2:  grunt_megastairs_4
Crypt:3:  evilmike_haunted_forest
Depths:1: hell_entry, nicolae_ashenzari_panopticon, nrook_mini_vaults,
          st_stairs_12, kennysheep_generic_room_8
Depths:2: evilmike_marble_ring, pf_coc_iceberg, hangedman_abyss_entry_splay,
          minmay_staircase_bubble, uniq_enchantress, uniq_sojobo
Depths:3: grunt_arcs, pan_entry, grunt_hell_entry_dis_mu
Depths:4: minmay_distorted_concentric_squares, abyss_entry_crystal, nrook_uturn,
          serial_shops, shop, pf_hell_entry_tar_spiral
Depths:5: grunt_crosshair, enter_ziggurat_c, dk_noncrumbling_4, hell_entry
Zot:1:    st_small_dragon_hoard_5
Zot:4:    st_large_dragon_hoard_2
Zot:5:    grunt_ministairs_8
Abyss:2:  minivault_19, hangedman_abyss_or_decor_clamps,
          kilobyte_mutagenic_chamber
Abyss:3:  minivault_27, hangedman_abyss_river_spirits,
          evilmike_nicolae_abyss_rune_betentacled_crabyss
Abyss:4:  hangedman_abyss_or_decor_slice, nicolae_abyss_rune_star_stuff,
          evilmike_abyss_exit_chaos
Sewer:    sewer_co_purgy_island
Ossuary:  ossuary_tomb_1
IceCv:    ice_cave_statue_garden_chambered

Skill      XL: |  1  2  3  4  5  6  7  8  9 10 11 12 13 14 15 16 17 18 19 20 21 22 23 24 25 26 27 |
---------------+----------------------------------------------------------------------------------+-----
Short Blades   | 2 3 |  3.7
Fighting       | 2 3 4 6 8 9 10 11 13 14 15 16 17 18 20 | 20.0
Stealth        | 2 3 5 |  5.0
Staves         | 3 6 8 9 10 11 12 13 14 | 14.3
Hexes          | 3 7 8 9 10 12 14 15 16 | 16.5
Spellcasting   | 2 3 4 5 7 8 9 |  9.9
Armour         | 4 7 8 9 10 11 12 13 14 17 | 17.7
Invocations    | 3 5 7 8 10 11 12 13 15 18 20 | 20.5
Dodging        | 6 11 14 15 17 18 | 18.0
Air Magic      | 1 4 7 |  7.0
Maces & Flails | 6 8 10 11 | 11.6
Shields        | 4 7 10 11 13 15 | 15.0
Translocations | 1 2 |  2.0
Necromancy     | 4 8 |  8.0
Charms         | 3 8 9 |  9.0
Throwing       | |  3.2

Action                   |  1- 3 |  4- 6 |  7- 9 | 10-12 | 13-15 | 16-18 | 19-21 | 22-24 | 25-27 || total
-------------------------+-------+-------+-------+-------+-------+-------+-------+-------+-------++-------
Melee: Short sword       |    56 |       |       |       |       |       |       |       |       ||    56
       Bite              |     8 |    35 |    46 |   218 |   377 |   314 |   523 |   647 |   642 ||  2810
       Rapier            |    10 |   189 |       |       |       |       |       |       |       ||   199
       Quarterstaff      |       |    92 |   344 |  1191 |  1961 |  1503 |   511 |       |       ||  5602
       Unarmed           |       |       |       |       |       |     1 |       |       |     4 ||     5
       Demon whip        |       |       |       |       |       |       |  1897 |  3055 |  3556 ||  8508
Throw: Javelin           |     3 |     1 |       |     3 |       |       |       |       |       ||     7
       Throwing net      |       |     1 |       |    11 |     2 |       |       |       |       ||    14
 Cast: Confuse           |       |       |     5 |       |    27 |    80 |     5 |     4 |     4 ||   125
       Silence           |       |       |       |       |       |     1 |     3 |     4 |     2 ||    10
       Blink             |       |       |       |       |       |       |       |     2 |       ||     2
       Regeneration      |       |       |       |       |       |       |       |       |    13 ||    13
       Invisibility      |       |       |       |       |       |       |       |       |     9 ||     9
Invok: Animate Remains   |       |       |       |    15 |       |       |       |       |       ||    15
       Injury Mirror     |       |       |       |     1 |       |       |       |       |       ||     1
       Animate Dead      |       |       |       |     4 |    10 |       |       |       |       ||    14
       Drain Life        |       |       |       |       |     5 |    27 |    28 |     7 |     4 ||    71
       Recall Undead Sla |       |       |       |       |     8 |    16 |       |     4 |     1 ||    29
       Enslave Soul      |       |       |       |       |     3 |       |       |       |     1 ||     4
       Stop Recall       |       |       |       |       |     4 |     7 |       |     4 |       ||    15
       Serpent's Lash    |       |       |       |       |       |       |       |       |     6 ||     6
 Abil: End Transformatio |       |       |       |       |       |     2 |     3 |       |     3 ||     8
       No ability        |       |       |       |       |       |     2 |     3 |       |       ||     5
       Bat Form          |       |       |       |       |       |       |       |       |     3 ||     3
Evoke: Wand              |       |       |     9 |     6 |    16 |    24 |       |     3 |     4 ||    62
  Use: Scroll            |       |     8 |    12 |    12 |    21 |    15 |    19 |     6 |    24 ||   117
       Potion            |       |       |     3 |    14 |    13 |    26 |     5 |     5 |    39 ||   105
 Stab: Sleeping          |     6 |     9 |     8 |       |       |     6 |    23 |    28 |    15 ||    95
       Paralysed         |       |       |     7 |     6 |    14 |    25 |     5 |    10 |     2 ||    69
       Confused          |       |       |     2 |     4 |    16 |    39 |     9 |       |     5 ||    75
       Petrified         |       |       |     3 |     7 |    11 |    20 |     2 |       |       ||    43
       Petrifying        |       |       |       |     5 |     4 |    15 |     2 |       |       ||    26
       Held in net/web   |       |       |       |     5 |     4 |       |       |       |       ||     9
       Distracted        |       |       |       |     8 |    24 |    24 |    25 |    30 |    16 ||   127
       Invisible         |       |       |       |       |       |       |       |       |   106 ||   106
  Eat: Corpse            |     5 |     7 |     8 |    23 |    35 |    27 |    28 |    20 |    18 ||   171
Armor: Leather armour    |     7 |    16 |       |       |       |       |       |       |       ||    23
       Robe              |     9 |     9 |       |       |       |       |       |       |       ||    18
       Ring mail         |       |    11 |    37 |       |       |       |       |       |       ||    48
       Troll leather arm |       |       |    19 |       |       |       |       |       |       ||    19
       Plate armour      |       |       |   148 |   929 |  1395 |   681 |       |       |       ||  3153
       Swamp dragon scal |       |       |       |       |       |   238 |   437 |   111 |       ||   786
       Quicksilver drago |       |       |       |       |       |       |       |   445 |   242 ||   687
       Storm dragon scal |       |       |       |       |       |       |       |       |   407 ||   407
Dodge: Dodged            |    36 |   123 |   297 |   642 |   883 |   887 |  1458 |  1864 |  1155 ||  7345
Block: Other             |       |       |       |       |       |    30 |       |       |       ||    30
       Shield            |       |       |       |       |       |       |   252 |  1218 |  1090 ||  2560
       Reflection        |       |       |       |       |       |       |     9 |       |       ||     9
       Buckler           |       |       |       |       |       |       |   320 |   251 |       ||   571
